Workbook

Sheet Proposta
B2: ESTADO DE SANTA CATARINA
A4: PROPOSTA DAS LICITANTES
A6: Obra: | B6: Reforma da área de Doação de Sangue e Abrigo de Resíduos para HEMOSC - Florianópolis | H6: Data: ___ / ___ / ____
A7: Edital:
A8: Razão Social:
A9: CNPJ: | H9: Porcentagem de materiais (%) | I9: Porcentagem de mão de obra (%)
A10: BDI Administração Local (%): | D10: BDI Diferenciado Referencial (%) : | H10: =SUM(M:M)/O630 | I10: =SUM(N:N)/O630
A11: BDI Diferenciado Referencial (%) : | B11: 0.2605 | D11: BDI Diferenciado Referencial – Serviços Especializados (%) :
A13: Tabela de Origem | B13: 272 - TABELA SINAPI DESONERADA FEVEREIRO 2026
A17: 39 - Consultoria
A18: Tabela de Origem | B18: Cód Auxiliar | C18: Descrição do Serviço | D18: Unid. | E18: Quantidade | F18: Material / Outros (R$) | G18: Mão de Obra (R$) | H18: Custo Unit. (R$) | I18: BDI (%) | J18: Preço Unit Material (R$) | K18: Preço Unit MO (R$) | L18: Preço Unit. (R$) | M18: Preço MATERIAL (R$) | N18: Preço MO (R$) | O18: Preço Total (R$) | P18: Verificação $+5% | Q18: Proposta x Referência
A19: TABELA SINAPI DESONERADA FEVEREIRO 2026 | C19: Consultoria | E19: 0
A20: TABELA SINAPI DESONERADA FEVEREIRO 2026 | B20: CPU168929 | C20: 121 - ADMINISTRAÇÃO LOCAL | D20: UN | E20: 1 | H20: =F20+G20 | I20: 26.05 | J20: =F20+(I20/100*F20) | K20: =G20+(I20/100*G20) | L20: =TRUNC(J20+K20,2) | M20: =TRUNC(IF((J20+K20), (J20/(J20+K20)*O20), 0),2) | N20: =TRUNC(IF((J20+K20), (K20/(J20+K20)*O20), 0),2) | O20: =TRUNC(L20*E20,2) | P20: =IF(O20<=(Referencial!O20*1.05),"PREÇO VÁLIDO","PREÇO INVÁLIDO") | Q20: =(O20/Referencial!O20)-1
N21: Total do Grupo: | O21: =TRUNC(SUM(O17:O20),2)
A23: 9062 - Barraco Da Obra
A24: Tabela de Origem | B24: Cód Auxiliar | C24: Descrição do Serviço | D24: Unid. | E24: Quantidade | F24: Material / Outros (R$) | G24: Mão de Obra (R$) | H24: Custo Unit. (R$) | I24: BDI (%) | J24: Preço Unit Material (R$) | K24: Preço Unit MO (R$) | L24: Preço Unit. (R$) | M24: Preço MATERIAL (R$) | N24: Preço MO (R$) | O24: Preço Total (R$) | P24: Verificação $+5% | Q24: Proposta x Referência
A25: TABELA SINAPI DESONERADA FEVEREIRO 2026 | C25: Barraco Da Obra | E25: 0
A26: TABELA SINAPI DESONERADA FEVEREIRO 2026 | B26: 103689 | C26: FORNECIMENTO E INSTALAÇÃO DE PLACA DE OBRA COM CHAPA GALVANIZADA E ESTRUTURA DE MADEIRA. AF_03/2022_PS | D26: M2 | E26: 6.48 | H26: =F26+G26 | I26: 26.05 | J26: =F26+(I26/100*F26) | K26: =G26+(I26/100*G26) | L26: =TRUNC(J26+K26,2) | M26: =TRUNC(IF((J26+K26), (J26/(J26+K26)*O26), 0),2) | N26: =TRUNC(IF((J26+K26), (K26/(J26+K26)*O26), 0),2) | O26: =TRUNC(L26*E26,2) | P26: =IF(O26<=(Referencial!O26*1.05),"PREÇO VÁLIDO","PREÇO INVÁLIDO") | Q26: =(O26/Referencial!O26)-1
A27: TABELA SINAPI DESONERADA FEVEREIRO 2026 | B27: CPU168933 | C27: 090 - CONTAINER DEPÓSITO/ALMOXARIFADO | D27: MES | E27: 7 | H27: =F27+G27 | I27: 26.05 | J27: =F27+(I27/100*F27) | K27: =G27+(I27/100*G27) | L27: =TRUNC(J27+K27,2) | M27: =TRUNC(IF((J27+K27), (J27/(J27+K27)*O27), 0),2) | N27: =TRUNC(IF((J27+K27), (K27/(J27+K27)*O27), 0),2) | O27: =TRUNC(L27*E27,2) | P27: =IF(O27<=(Referencial!O27*1.05),"PREÇO VÁLIDO","PREÇO INVÁLIDO") | Q27: =(O27/Referencial!O27)-1
A28: TABELA SINAPI DESONERADA FEVEREIRO 2026 | B28: CPU168936 | C28: 091 - CONTAINER SANITÁRIO/VESTIÁRIO | D28: MES | E28: 7 | H28: =F28+G28 | I28: 26.05 | J28: =F28+(I28/100*F28) | K28: =G28+(I28/100*G28) | L28: =TRUNC(J28+K28,2) | M28: =TRUNC(IF((J28+K28), (J28/(J28+K28)*O28), 0),2) | N28: =TRUNC(IF((J28+K28), (K28/(J28+K28)*O28), 0),2) | O28: =TRUNC(L28*E28,2) | P28: =IF(O28<=(Referencial!O28*1.05),"PREÇO VÁLIDO","PREÇO INVÁLIDO") | Q28: =(O28/Referencial!O28)-1
N29: Total do Grupo: | O29: =TRUNC(SUM(O23:O28),2)
A31: 9051 - Serviços Iniciais
A32: Tabela de Origem | B32: Cód Auxiliar | C32: Descrição do Serviço | D32: Unid. | E32: Quantidade | F32: Material / Outros (R$) | G32: Mão de Obra (R$) | H32: Custo Unit. (R$) | I32: BDI (%) | J32: Preço Unit Material (R$) | K32: Preço Unit MO (R$) | L32: Preço Unit. (R$) | M32: Preço MATERIAL (R$) | N32: Preço MO (R$) | O32: Preço Total (R$) | P32: Verificação $+5% | Q32: Proposta x Referência
A33: TABELA SINAPI DESONERADA FEVEREIRO 2026 | C33: Serviços Iniciais | E33: 0
A34: TABELA SINAPI DESONERADA FEVEREIRO 2026 | C34: Doação de Sangue - Serviços preliminares | E34: 0
A35: TABELA SINAPI DESONERADA FEVEREIRO 2026 | B35: CPU168938 | C35: 007 - LIGAÇÃO PROVISÓRIA DE ENERGIA, ÁGUA E ESGOTO | D35: CJ | E35: 1 | H35: =F35+G35 | I35: 26.05 | J35: =F35+(I35/100*F35) | K35: =G35+(I35/100*G35) | L35: =TRUNC(J35+K35,2) | M35: =TRUNC(IF((J35+K35), (J35/(J35+K35)*O35), 0),2) | N35: =TRUNC(IF((J35+K35), (K35/(J35+K35)*O35), 0),2) | O35: =TRUNC(L35*E35,2) | P35: =IF(O35<=(Referencial!O35*1.05),"PREÇO VÁLIDO","PREÇO INVÁLIDO") | Q35: =(O35/Referencial!O35)-1
A36: TABELA SINAPI DESONERADA FEVEREIRO 2026 | B36: 98459 | C36: TAPUME COM TELHA METÁLICA. AF_03/2024 | D36: M2 | E36: 86 | H36: =F36+G36 | I36: 26.05 | J36: =F36+(I36/100*F36) | K36: =G36+(I36/100*G36) | L36: =TRUNC(J36+K36,2) | M36: =TRUNC(IF((J36+K36), (J36/(J36+K36)*O36), 0),2) | N36: =TRUNC(IF((J36+K36), (K36/(J36+K36)*O36), 0),2) | O36: =TRUNC(L36*E36,2) | P36: =IF(O36<=(Referencial!O36*1.05),"PREÇO VÁLIDO","PREÇO INVÁLIDO") | Q36: =(O36/Referencial!O36)-1
A37: TABELA SINAPI DESONERADA FEVEREIRO 2026 | C37: Doação de Sangue - Demolições e retiradas | E37: 0
A38: TABELA SINAPI DESONERADA FEVEREIRO 2026 | B38: 97622 | C38: DEMOLIÇÃO DE ALVENARIA DE BLOCO FURADO, DE FORMA MANUAL, SEM REAPROVEITAMENTO. AF_09/2023 | D38: M3 | E38: 47.63 | H38: =F38+G38 | I38: 26.05 | J38: =F38+(I38/100*F38) | K38: =G38+(I38/100*G38) | L38: =TRUNC(J38+K38,2) | M38: =TRUNC(IF((J38+K38), (J38/(J38+K38)*O38), 0),2) | N38: =TRUNC(IF((J38+K38), (K38/(J38+K38)*O38), 0),2) | O38: =TRUNC(L38*E38,2) | P38: =IF(O38<=(Referencial!O38*1.05),"PREÇO VÁLIDO","PREÇO INVÁLIDO") | Q38: =(O38/Referencial!O38)-1
A39: TABELA SINAPI DESONERADA FEVEREIRO 2026 | B39: 97641 | C39: REMOÇÃO DE FORRO DE GESSO, DE FORMA MANUAL, SEM REAPROVEITAMENTO. AF_09/2023 | D39: M2 | E39: 48.1 | H39: =F39+G39 | I39: 26.05 | J39: =F39+(I39/100*F39) | K39: =G39+(I39/100*G39) | L39: =TRUNC(J39+K39,2) | M39: =TRUNC(IF((J39+K39), (J39/(J39+K39)*O39), 0),2) | N39: =TRUNC(IF((J39+K39), (K39/(J39+K39)*O39), 0),2) | O39: =TRUNC(L39*E39,2) | P39: =IF(O39<=(Referencial!O39*1.05),"PREÇO VÁLIDO","PREÇO INVÁLIDO") | Q39: =(O39/Referencial!O39)-1
A40: TABELA SINAPI DESONERADA FEVEREIRO 2026 | B40: 97629 | C40: DEMOLIÇÃO DE LAJES, EM CONCRETO ARMADO, DE FORMA MECANIZADA COM MARTELETE, SEM REAPROVEITAMENTO. AF_09/2023 | D40: M3 | E40: 12.75 | H40: =F40+G40 | I40: 26.05 | J40: =F40+(I40/100*F40) | K40: =G40+(I40/100*G40) | L40: =TRUNC(J40+K40,2) | M40: =TRUNC(IF((J40+K40), (J40/(J40+K40)*O40), 0),2) | N40: =TRUNC(IF((J40+K40), (K40/(J40+K40)*O40), 0),2) | O40: =TRUNC(L40*E40,2) | P40: =IF(O40<=(Referencial!O40*1.05),"PREÇO VÁLIDO","PREÇO INVÁLIDO") | Q40: =(O40/Referencial!O40)-1
A41: TABELA SINAPI DESONERADA FEVEREIRO 2026 | B41: 97634 | C41: DEMOLIÇÃO DE REVESTIMENTO CERÂMICO, DE FORMA MECANIZADA COM MARTELETE, SEM REAPROVEITAMENTO. AF_09/2023 | D41: M2 | E41: 230.79 | H41: =F41+G41 | I41: 26.05 | J41: =F41+(I41/100*F41) | K41: =G41+(I41/100*G41) | L41: =TRUNC(J41+K41,2) | M41: =TRUNC(IF((J41+K41), (J41/(J41+K41)*O41), 0),2) | N41: =TRUNC(IF((J41+K41), (K41/(J41+K41)*O41), 0),2) | O41: =TRUNC(L41*E41,2) | P41: =IF(O41<=(Referencial!O41*1.05),"PREÇO VÁLIDO","PREÇO INVÁLIDO") | Q41: =(O41/Referencial!O41)-1
A42: TABELA SINAPI DESONERADA FEVEREIRO 2026 | B42: CPU168940 | C42: 005 - RETIRADA DE PISO VINÍLICO | D42: M2 | E42: 97.95 | H42: =F42+G42 | I42: 26.05 | J42: =F42+(I42/100*F42) | K42: =G42+(I42/100*G42) | L42: =TRUNC(J42+K42,2) | M42: =TRUNC(IF((J42+K42), (J42/(J42+K42)*O42), 0),2) | N42: =TRUNC(IF((J42+K42), (K42/(J42+K42)*O42), 0),2) | O42: =TRUNC(L42*E42,2) | P42: =IF(O42<=(Referencial!O42*1.05),"PREÇO VÁLIDO","PREÇO INVÁLIDO") | Q42: =(O42/Referencial!O42)-1
A43: TABELA SINAPI DESONERADA FEVEREIRO 2026 | B43: CPU168941 | C43: 006 - RETIRADA DE PISO EM GRANITO | D43: M2 | E43: 60.32 | H43: =F43+G43 | I43: 26.05 | J43: =F43+(I43/100*F43) | K43: =G43+(I43/100*G43) | L43: =TRUNC(J43+K43,2) | M43: =TRUNC(IF((J43+K43), (J43/(J43+K43)*O43), 0),2) | N43: =TRUNC(IF((J43+K43), (K43/(J43+K43)*O43), 0),2) | O43: =TRUNC(L43*E43,2) | P43: =IF(O43<=(Referencial!O43*1.05),"PREÇO VÁLIDO","PREÇO INVÁLIDO") | Q43: =(O43/Referencial!O43)-1
A44: TABELA SINAPI DESONERADA FEVEREIRO 2026 | B44: CPU169634 | C44: 127 - DEMOLIÇÃO DE PAVIMENTO INTERTRAVADO, DE FORMA MANUAL, SEM REAPROVEITAMENTO | D44: M2 | E44: 216.87 | H44: =F44+G44 | I44: 26.05 | J44: =F44+(I44/100*F44) | K44: =G44+(I44/100*G44) | L44: =TRUNC(J44+K44,2) | M44: =TRUNC(IF((J44+K44), (J44/(J44+K44)*O44), 0),2) | N44: =TRUNC(IF((J44+K44), (K44/(J44+K44)*O44), 0),2) | O44: =TRUNC(L44*E44,2) | P44: =IF(O44<=(Referencial!O44*1.05),"PREÇO VÁLIDO","PREÇO INVÁLIDO") | Q44: =(O44/Referencial!O44)-1
A45: TABELA SINAPI DESONERADA FEVEREIRO 2026 | B45: 97644 | C45: REMOÇÃO DE PORTAS, DE FORMA MANUAL, SEM REAPROVEITAMENTO. AF_09/2023 | D45: M2 | E45: 41.16 | H45: =F45+G45 | I45: 26.05 | J45: =F45+(I45/100*F45) | K45: =G45+(I45/100*G45) | L45: =TRUNC(J45+K45,2) | M45: =TRUNC(IF((J45+K45), (J45/(J45+K45)*O45), 0),2) | N45: =TRUNC(IF((J45+K45), (K45/(J45+K45)*O45), 0),2) | O45: =TRUNC(L45*E45,2) | P45: =IF(O45<=(Referencial!O45*1.05),"PREÇO VÁLIDO","PREÇO INVÁLIDO") | Q45: =(O45/Referencial!O45)-1
A46: TABELA SINAPI DESONERADA FEVEREIRO 2026 | B46: 97645 | C46: REMOÇÃO DE JANELAS, DE FORMA MANUAL, SEM REAPROVEITAMENTO. AF_09/2023 | D46: M2 | E46: 7.08 | H46: =F46+G46 | I46: 26.05 | J46: =F46+(I46/100*F46) | K46: =G46+(I46/100*G46) | L46: =TRUNC(J46+K46,2) | M46: =TRUNC(IF((J46+K46), (J46/(J46+K46)*O46), 0),2) | N46: =TRUNC(IF((J46+K46), (K46/(J46+K46)*O46), 0),2) | O46: =TRUNC(L46*E46,2) | P46: =IF(O46<=(Referencial!O46*1.05),"PREÇO VÁLIDO","PREÇO INVÁLIDO") | Q46: =(O46/Referencial!O46)-1
A47: TABELA SINAPI DESONERADA FEVEREIRO 2026 | B47: 97663 | C47: REMOÇÃO DE LOUÇAS, DE FORMA MANUAL, SEM REAPROVEITAMENTO. AF_09/2023 | D47: UN | E47: 4 | H47: =F47+G47 | I47: 26.05 | J47: =F47+(I47/100*F47) | K47: =G47+(I47/100*G47) | L47: =TRUNC(J47+K47,2) | M47: =TRUNC(IF((J47+K47), (J47/(J47+K47)*O47), 0),2) | N47: =TRUNC(IF((J47+K47), (K47/(J47+K47)*O47), 0),2) | O47: =TRUNC(L47*E47,2) | P47: =IF(O47<=(Referencial!O47*1.05),"PREÇO VÁLIDO","PREÇO INVÁLIDO") | Q47: =(O47/Referencial!O47)-1
A48: TABELA SINAPI DESONERADA FEVEREIRO 2026 | B48: 97664 | C48: REMOÇÃO DE ACESSÓRIOS, DE FORMA MANUAL, SEM REAPROVEITAMENTO. AF_09/2023 | D48: UN | E48: 4 | H48: =F48+G48 | I48: 26.05 | J48: =F48+(I48/100*F48) | K48: =G48+(I48/100*G48) | L48: =TRUNC(J48+K48,2) | M48: =TRUNC(IF((J48+K48), (J48/(J48+K48)*O48), 0),2) | N48: =TRUNC(IF((J48+K48), (K48/(J48+K48)*O48), 0),2) | O48: =TRUNC(L48*E48,2) | P48: =IF(O48<=(Referencial!O48*1.05),"PREÇO VÁLIDO","PREÇO INVÁLIDO") | Q48: =(O48/Referencial!O48)-1
A49: TABELA SINAPI DESONERADA FEVEREIRO 2026 | B49: 97666 | C49: REMOÇÃO DE METAIS SANITÁRIOS, DE FORMA MANUAL, SEM REAPROVEITAMENTO. AF_09/2023 | D49: UN | E49: 8 | H49: =F49+G49 | I49: 26.05 | J49: =F49+(I49/100*F49) | K49: =G49+(I49/100*G49) | L49: =TRUNC(J49+K49,2) | M49: =TRUNC(IF((J49+K49), (J49/(J49+K49)*O49), 0),2) | N49: =TRUNC(IF((J49+K49), (K49/(J49+K49)*O49), 0),2) | O49: =TRUNC(L49*E49,2) | P49: =IF(O49<=(Referencial!O49*1.05),"PREÇO VÁLIDO","PREÇO INVÁLIDO") | Q49: =(O49/Referencial!O49)-1
... A51: TABELA SINAPI DESONERADA FEVEREIRO 2026 | B51: 97914 | C51: TRANSPORTE COM CAMINHÃO BASCULANTE DE 6 M³, EM VIA URBANA PAVIMENTADA, DMT ATÉ 30 KM (UNIDADE: M3XKM). AF_02/2026 | D51: M3XKM | E51: 3528.73 | H51: =F51+G51 | I51: 26.05 | J51: =F51+(I51/100*F51) | K51: =G51+(I51/100*G51) | L51: =TRUNC(J51+K51,2) | M51: =TRUNC(IF((J51+K51), (J51/(J51+K51)*O51), 0),2) | N51: =TRUNC(IF((J51+K51), (K51/(J51+K51)*O51), 0),2) | O51: =TRUNC(L51*E51,2) | P51: =IF(O51<=(Referencial!O51*1.05),"PREÇO VÁLIDO","PREÇO INVÁLIDO") | Q51: =(O51/Referencial!O51)-1
A52: TABELA SINAPI DESONERADA FEVEREIRO 2026 | C52: Doação de Sangue - Movimento de terra | E52: 0
A53: TABELA SINAPI DESONERADA FEVEREIRO 2026 | B53: 96523 | C53: ESCAVAÇÃO MANUAL PARA BLOCO DE COROAMENTO OU SAPATA (INCLUINDO ESCAVAÇÃO PARA COLOCAÇÃO DE FÔRMAS). AF_01/2024 | D53: M3 | E53: 23.89 | H53: =F53+G53 | I53: 26.05 | J53: =F53+(I53/100*F53) | K53: =G53+(I53/100*G53) | L53: =TRUNC(J53+K53,2) | M53: =TRUNC(IF((J53+K53), (J53/(J53+K53)*O53), 0),2) | N53: =TRUNC(IF((J53+K53), (K53/(J53+K53)*O53), 0),2) | O53: =TRUNC(L53*E53,2) | P53: =IF(O53<=(Referencial!O53*1.05),"PREÇO VÁLIDO","PREÇO INVÁLIDO") | Q53: =(O53/Referencial!O53)-1
A54: TABELA SINAPI DESONERADA FEVEREIRO 2026 | B54: 93382 | C54: REATERRO MANUAL DE VALAS, COM COMPACTADOR DE SOLOS DE PERCUSSÃO. AF_08/2023 | D54: M3 | E54: 3.38 | H54: =F54+G54 | I54: 26.05 | J54: =F54+(I54/100*F54) | K54: =G54+(I54/100*G54) | L54: =TRUNC(J54+K54,2) | M54: =TRUNC(IF((J54+K54), (J54/(J54+K54)*O54), 0),2) | N54: =TRUNC(IF((J54+K54), (K54/(J54+K54)*O54), 0),2) | O54: =TRUNC(L54*E54,2) | P54: =IF(O54<=(Referencial!O54*1.05),"PREÇO VÁLIDO","PREÇO INVÁLIDO") | Q54: =(O54/Referencial!O54)-1
A55: TABELA SINAPI DESONERADA FEVEREIRO 2026 | B55: 100982 | C55: CARGA, MANOBRA E DESCARGA DE ENTULHO EM CAMINHÃO BASCULANTE 10 M³ - CARGA COM ESCAVADEIRA HIDRÁULICA (CAÇAMBA DE 0,80 M³ / 111 HP) E DESCARGA LIVRE (UNIDADE: M3). AF_02/2026 | D55: M3 | E55: 20.52 | H55: =F55+G55 | I55: 26.05 | J55: =F55+(I55/100*F55) | K55: =G55+(I55/100*G55) | L55: =TRUNC(J55+K55,2) | M55: =TRUNC(IF((J55+K55), (J55/(J55+K55)*O55), 0),2) | N55: =TRUNC(IF((J55+K55), (K55/(J55+K55)*O55), 0),2) | O55: =TRUNC(L55*E55,2) | P55: =IF(O55<=(Referencial!O55*1.05),"PREÇO VÁLIDO","PREÇO INVÁLIDO") | Q55: =(O55/Referencial!O55)-1
A56: TABELA SINAPI DESONERADA FEVEREIRO 2026 | B56: 97914 | C56: TRANSPORTE COM CAMINHÃO BASCULANTE DE 6 M³, EM VIA URBANA PAVIMENTADA, DMT ATÉ 30 KM (UNIDADE: M3XKM). AF_02/2026 | D56: M3XKM | E56: 615.49 | H56: =F56+G56 | I56: 26.05 | J56: =F56+(I56/100*F56) | K56: =G56+(I56/100*G56) | L56: =TRUNC(J56+K56,2) | M56: =TRUNC(IF((J56+K56), (J56/(J56+K56)*O56), 0),2) | N56: =TRUNC(IF((J56+K56), (K56/(J56+K56)*O56), 0),2) | O56: =TRUNC(L56*E56,2) | P56: =IF(O56<=(Referencial!O56*1.05),"PREÇO VÁLIDO","PREÇO INVÁLIDO") | Q56: =(O56/Referencial!O56)-1
N57: Total do Grupo: | O57: =TRUNC(SUM(O31:O56),2)
A59: 9052 - Infraestrutura
A60: Tabela de Origem | B60: Cód Auxiliar | C60: Descrição do Serviço | D60: Unid. | E60: Quantidade | F60: Material / Outros (R$) | G60: Mão de Obra (R$) | H60: Custo Unit. (R$) | I60: BDI (%) | J60: Preço Unit Material (R$) | K60: Preço Unit MO (R$) | L60: Preço Unit. (R$) | M60: Preço MATERIAL (R$) | N60: Preço MO (R$) | O60: Preço Total (R$) | P60: Verificação $+5% | Q60: Proposta x Referência
A61: TABELA SINAPI DESONERADA FEVEREIRO 2026 | C61: Infraestrutura | E61: 0
A62: TABELA SINAPI DESONERADA FEVEREIRO 2026 | C62: Doação de Sangue - Estrutura | E62: 0
A63: TABELA SINAPI DESONERADA FEVEREIRO 2026 | B63: 99059 | C63: LOCAÇÃO CONVENCIONAL DE OBRA, UTILIZANDO GABARITO DE TÁBUAS CORRIDAS PONTALETADAS A CADA 2,00M - 2 UTILIZAÇÕES. AF_03/2024 | D63: M | E63: 104.36 | H63: =F63+G63 | I63: 26.05 | J63: =F63+(I63/100*F63) | K63: =G63+(I63/100*G63) | L63: =TRUNC(J63+K63,2) | M63: =TRUNC(IF((J63+K63), (J63/(J63+K63)*O63), 0),2) | N63: =TRUNC(IF((J63+K63), (K63/(J63+K63)*O63), 0),2) | O63: =TRUNC(L63*E63,2) | P63: =IF(O63<=(Referencial!O63*1.05),"PREÇO VÁLIDO","PREÇO INVÁLIDO") | Q63: =(O63/Referencial!O63)-1
A64: TABELA SINAPI DESONERADA FEVEREIRO 2026 | B64: 92266 | C64: FABRICAÇÃO DE FÔRMA PARA VIGAS, EM CHAPA DE MADEIRA COMPENSADA PLASTIFICADA, E = 18 MM. AF_09/2020 | D64: M2 | E64: 24.94 | H64: =F64+G64 | I64: 26.05 | J64: =F64+(I64/100*F64) | K64: =G64+(I64/100*G64) | L64: =TRUNC(J64+K64,2) | M64: =TRUNC(IF((J64+K64), (J64/(J64+K64)*O64), 0),2) | N64: =TRUNC(IF((J64+K64), (K64/(J64+K64)*O64), 0),2) | O64: =TRUNC(L64*E64,2) | P64: =IF(O64<=(Referencial!O64*1.05),"PREÇO VÁLIDO","PREÇO INVÁLIDO") | Q64: =(O64/Referencial!O64)-1
A65: TABELA SINAPI DESONERADA FEVEREIRO 2026 | B65: 100322 | C65: LASTRO COM MATERIAL GRANULAR (PEDRA BRITADA N.3), APLICADO EM PISOS OU LAJES SOBRE SOLO, ESPESSURA DE *10 CM*. AF_01/2024 | D65: M3 | E65: 19.9 | H65: =F65+G65 | I65: 26.05 | J65: =F65+(I65/100*F65) | K65: =G65+(I65/100*G65) | L65: =TRUNC(J65+K65,2) | M65: =TRUNC(IF((J65+K65), (J65/(J65+K65)*O65), 0),2) | N65: =TRUNC(IF((J65+K65), (K65/(J65+K65)*O65), 0),2) | O65: =TRUNC(L65*E65,2) | P65: =IF(O65<=(Referencial!O65*1.05),"PREÇO VÁLIDO","PREÇO INVÁLIDO") | Q65: =(O65/Referencial!O65)-1
A66: TABELA SINAPI DESONERADA FEVEREIRO 2026 | B66: 97090 | C66: ARMAÇÃO PARA EXECUÇÃO DE RADIER, PISO DE CONCRETO OU LAJE SOBRE SOLO, COM USO DE TELA Q-138. AF_09/2021 | D66: KG | E66: 257.4 | H66: =F66+G66 | I66: 26.05 | J66: =F66+(I66/100*F66) | K66: =G66+(I66/100*G66) | L66: =TRUNC(J66+K66,2) | M66: =TRUNC(IF((J66+K66), (J66/(J66+K66)*O66), 0),2) | N66: =TRUNC(IF((J66+K66), (K66/(J66+K66)*O66), 0),2) | O66: =TRUNC(L66*E66,2) | P66: =IF(O66<=(Referencial!O66*1.05),"PREÇO VÁLIDO","PREÇO INVÁLIDO") | Q66: =(O66/Referencial!O66)-1
A67: TABELA SINAPI DESONERADA FEVEREIRO 2026 | B67: 92768 | C67: ARMAÇÃO DE LAJE DE ESTRUTURA CONVENCIONAL DE CONCRETO ARMADO UTILIZANDO AÇO CA-60 DE 5,0 MM - MONTAGEM. AF_06/2022 | D67: KG | E67: 26.07 | H67: =F67+G67 | I67: 26.05 | J67: =F67+(I67/100*F67) | K67: =G67+(I67/100*G67) | L67: =TRUNC(J67+K67,2) | M67: =TRUNC(IF((J67+K67), (J67/(J67+K67)*O67), 0),2) | N67: =TRUNC(IF((J67+K67), (K67/(J67+K67)*O67), 0),2) | O67: =TRUNC(L67*E67,2) | P67: =IF(O67<=(Referencial!O67*1.05),"PREÇO VÁLIDO","PREÇO INVÁLIDO") | Q67: =(O67/Referencial!O67)-1
A68: TABELA SINAPI DESONERADA FEVEREIRO 2026 | B68: 92771 | C68: ARMAÇÃO DE LAJE DE ESTRUTURA CONVENCIONAL DE CONCRETO ARMADO UTILIZANDO AÇO CA-50 DE 10,0 MM - MONTAGEM. AF_06/2022 | D68: KG | E68: 132.49 | H68: =F68+G68 | I68: 26.05 | J68: =F68+(I68/100*F68) | K68: =G68+(I68/100*G68) | L68: =TRUNC(J68+K68,2) | M68: =TRUNC(IF((J68+K68), (J68/(J68+K68)*O68), 0),2) | N68: =TRUNC(IF((J68+K68), (K68/(J68+K68)*O68), 0),2) | O68: =TRUNC(L68*E68,2) | P68: =IF(O68<=(Referencial!O68*1.05),"PREÇO VÁLIDO","PREÇO INVÁLIDO") | Q68: =(O68/Referencial!O68)-1
A69: TABELA SINAPI DESONERADA FEVEREIRO 2026 | B69: 94966 | C69: CONCRETO FCK = 30MPA, TRAÇO 1:2,1:2,5 (EM MASSA SECA DE CIMENTO/ AREIA MÉDIA/ BRITA 1) - PREPARO MECÂNICO COM BETONEIRA 400 L. AF_05/2021 | D69: M3 | E69: 18.35 | H69: =F69+G69 | I69: 26.05 | J69: =F69+(I69/100*F69) | K69: =G69+(I69/100*G69) | L69: =TRUNC(J69+K69,2) | M69: =TRUNC(IF((J69+K69), (J69/(J69+K69)*O69), 0),2) | N69: =TRUNC(IF((J69+K69), (K69/(J69+K69)*O69), 0),2) | O69: =TRUNC(L69*E69,2) | P69: =IF(O69<=(Referencial!O69*1.05),"PREÇO VÁLIDO","PREÇO INVÁLIDO") | Q69: =(O69/Referencial!O69)-1
N70: Total do Grupo: | O70: =TRUNC(SUM(O59:O69),2)
A72: 9054 - Paredes, Painéis E Esquadrias
A73: Tabela de Origem | B73: Cód Auxiliar | C73: Descrição do Serviço | D73: Unid. | E73: Quantidade | F73: Material / Outros (R$) | G73: Mão de Obra (R$) | H73: Custo Unit. (R$) | I73: BDI (%) | J73: Preço Unit Material (R$) | K73: Preço Unit MO (R$) | L73: Preço Unit. (R$) | M73: Preço MATERIAL (R$) | N73: Preço MO (R$) | O73: Preço Total (R$) | P73: Verificação $+5% | Q73: Proposta x Referência
A74: TABELA SINAPI DESONERADA FEVEREIRO 2026 | C74: Paredes, Painéis E Esquadrias | E74: 0
A75: TABELA SINAPI DESONERADA FEVEREIRO 2026 | C75: Doação de Sangue - Paredes e painéis | E75: 0
A76: TABELA SINAPI DESONERADA FEVEREIRO 2026 | B76: 103330 | C76: ALVENARIA DE VEDAÇÃO DE BLOCOS CERÂMICOS FURADOS NA HORIZONTAL DE 11,5X19X19 CM (ESPESSURA 11,5 CM) E ARGAMASSA DE ASSENTAMENTO COM PREPARO EM BETONEIRA. AF_12/2021 | D76: M2 | E76: 64.12 | H76: =F76+G76 | I76: 26.05 | J76: =F76+(I76/100*F76) | K76: =G76+(I76/100*G76) | L76: =TRUNC(J76+K76,2) | M76: =TRUNC(IF((J76+K76), (J76/(J76+K76)*O76), 0),2) | N76: =TRUNC(IF((J76+K76), (K76/(J76+K76)*O76), 0),2) | O76: =TRUNC(L76*E76,2) | P76: =IF(O76<=(Referencial!O76*1.05),"PREÇO VÁLIDO","PREÇO INVÁLIDO") | Q76: =(O76/Referencial!O76)-1
A77: TABELA SINAPI DESONERADA FEVEREIRO 2026 | B77: CPU168943 | C77: 002 - DRYWALL PLACA SIMPLES ST-ST COM REVESTIMENTO ACÚSTICO 12CM | D77: M2 | E77: 284.75 | H77: =F77+G77 | I77: 26.05 | J77: =F77+(I77/100*F77) | K77: =G77+(I77/100*G77) | L77: =TRUNC(J77+K77,2) | M77: =TRUNC(IF((J77+K77), (J77/(J77+K77)*O77), 0),2) | N77: =TRUNC(IF((J77+K77), (K77/(J77+K77)*O77), 0),2) | O77: =TRUNC(L77*E77,2) | P77: =IF(O77<=(Referencial!O77*1.05),"PREÇO VÁLIDO","PREÇO INVÁLIDO") | Q77: =(O77/Referencial!O77)-1
A78: TABELA SINAPI DESONERADA FEVEREIRO 2026 | B78: CPU168945 | C78: 065 - DRYWALL PLACA SIMPLES RU-RU COM REVESTIMENTO ACÚSTICO 12CM | D78: M2 | E78: 44.88 | H78: =F78+G78 | I78: 26.05 | J78: =F78+(I78/100*F78) | K78: =G78+(I78/100*G78) | L78: =TRUNC(J78+K78,2) | M78: =TRUNC(IF((J78+K78), (J78/(J78+K78)*O78), 0),2) | N78: =TRUNC(IF((J78+K78), (K78/(J78+K78)*O78), 0),2) | O78: =TRUNC(L78*E78,2) | P78: =IF(O78<=(Referencial!O78*1.05),"PREÇO VÁLIDO","PREÇO INVÁLIDO") | Q78: =(O78/Referencial!O78)-1
A79: TABELA SINAPI DESONERADA FEVEREIRO 2026 | B79: 96373 | C79: INSTALAÇÃO DE REFORÇO METÁLICO EM PAREDE DRYWALL. AF_07/2023 | D79: M | E79: 294.97 | H79: =F79+G79 | I79: 26.05 | J79: =F79+(I79/100*F79) | K79: =G79+(I79/100*G79) | L79: =TRUNC(J79+K79,2) | M79: =TRUNC(IF((J79+K79), (J79/(J79+K79)*O79), 0),2) | N79: =TRUNC(IF((J79+K79), (K79/(J79+K79)*O79), 0),2) | O79: =TRUNC(L79*E79,2) | P79: =IF(O79<=(Referencial!O79*1.05),"PREÇO VÁLIDO","PREÇO INVÁLIDO") | Q79: =(O79/Referencial!O79)-1
A80: TABELA SINAPI DESONERADA FEVEREIRO 2026 | B80: 93187 | C80: VERGA MOLDADA IN LOCO EM CONCRETO, ESPESSURA DE *20* CM. AF_03/2024 | D80: M | E80: 45.12 | H80: =F80+G80 | I80: 26.05 | J80: =F80+(I80/100*F80) | K80: =G80+(I80/100*G80) | L80: =TRUNC(J80+K80,2) | M80: =TRUNC(IF((J80+K80), (J80/(J80+K80)*O80), 0),2) | N80: =TRUNC(IF((J80+K80), (K80/(J80+K80)*O80), 0),2) | O80: =TRUNC(L80*E80,2) | P80: =IF(O80<=(Referencial!O80*1.05),"PREÇO VÁLIDO","PREÇO INVÁLIDO") | Q80: =(O80/Referencial!O80)-1
N81: Total do Grupo: | O81: =TRUNC(SUM(O72:O80),2)
A83: 9108 - Impermeabilizações
A84: Tabela de Origem | B84: Cód Auxiliar | C84: Descrição do Serviço | D84: Unid. | E84: Quantidade | F84: Material / Outros (R$) | G84: Mão de Obra (R$) | H84: Custo Unit. (R$) | I84: BDI (%) | J84: Preço Unit Material (R$) | K84: Preço Unit MO (R$) | L84: Preço Unit. (R$) | M84: Preço MATERIAL (R$) | N84: Preço MO (R$) | O84: Preço Total (R$) | P84: Verificação $+5% | Q84: Proposta x Referência
A85: TABELA SINAPI DESONERADA FEVEREIRO 2026 | C85: Impermeabilizações | E85: 0
A86: TABELA SINAPI DESONERADA FEVEREIRO 2026 | C86: Doação de Sangue - Impermeabilização - Baldrame, piso e cortina | E86: 0
A87: TABELA SINAPI DESONERADA FEVEREIRO 2026 | B87: 98555 | C87: IMPERMEABILIZAÇÃO DE SUPERFÍCIE COM ARGAMASSA POLIMÉRICA / MEMBRANA ACRÍLICA, 3 DEMÃOS. AF_09/2023 | D87: M2 | E87: 18.05 | H87: =F87+G87 | I87: 26.05 | J87: =F87+(I87/100*F87) | K87: =G87+(I87/100*G87) | L87: =TRUNC(J87+K87,2) | M87: =TRUNC(IF((J87+K87), (J87/(J87+K87)*O87), 0),2) | N87: =TRUNC(IF((J87+K87), (K87/(J87+K87)*O87), 0),2) | O87: =TRUNC(L87*E87,2) | P87: =IF(O87<=(Referencial!O87*1.05),"PREÇO VÁLIDO","PREÇO INVÁLIDO") | Q87: =(O87/Referencial!O87)-1
A88: TABELA SINAPI DESONERADA FEVEREIRO 2026 | B88: CPU168946 | C88: 094 - LIMPEZA E LIXAMENTO DAS CORTINAS DE CONCRETO | D88: M2 | E88: 96.3 | H88: =F88+G88 | I88: 26.05 | J88: =F88+(I88/100*F88) | K88: =G88+(I88/100*G88) | L88: =TRUNC(J88+K88,2) | M88: =TRUNC(IF((J88+K88), (J88/(J88+K88)*O88), 0),2) | N88: =TRUNC(IF((J88+K88), (K88/(J88+K88)*O88), 0),2) | O88: =TRUNC(L88*E88,2) | P88: =IF(O88<=(Referencial!O88*1.05),"PREÇO VÁLIDO","PREÇO INVÁLIDO") | Q88: =(O88/Referencial!O88)-1
A89: TABELA SINAPI DESONERADA FEVEREIRO 2026 | B89: 99814 | C89: LIMPEZA DE SUPERFÍCIE PISO OU PAREDE COM JATO DE ALTA PRESSÃO. AF_10/2025 | D89: M2 | E89: 96.3 | H89: =F89+G89 | I89: 26.05 | J89: =F89+(I89/100*F89) | K89: =G89+(I89/100*G89) | L89: =TRUNC(J89+K89,2) | M89: =TRUNC(IF((J89+K89), (J89/(J89+K89)*O89), 0),2) | N89: =TRUNC(IF((J89+K89), (K89/(J89+K89)*O89), 0),2) | O89: =TRUNC(L89*E89,2) | P89: =IF(O89<=(Referencial!O89*1.05),"PREÇO VÁLIDO","PREÇO INVÁLIDO") | Q89: =(O89/Referencial!O89)-1
A90: TABELA SINAPI DESONERADA FEVEREIRO 2026 | B90: CPU168948 | C90: 095 - PREPARO DAS PAREDES COM ARGAMASSA DE CIMENTO E AREIA + ADITIVO | D90: M2 | E90: 96.3 | H90: =F90+G90 | I90: 26.05 | J90: =F90+(I90/100*F90) | K90: =G90+(I90/100*G90) | L90: =TRUNC(J90+K90,2) | M90: =TRUNC(IF((J90+K90), (J90/(J90+K90)*O90), 0),2) | N90: =TRUNC(IF((J90+K90), (K90/(J90+K90)*O90), 0),2) | O90: =TRUNC(L90*E90,2) | P90: =IF(O90<=(Referencial!O90*1.05),"PREÇO VÁLIDO","PREÇO INVÁLIDO") | Q90: =(O90/Referencial!O90)-1
A91: TABELA SINAPI DESONERADA FEVEREIRO 2026 | B91: 98556 | C91: IMPERMEABILIZAÇÃO DE SUPERFÍCIE COM ARGAMASSA POLIMÉRICA / MEMBRANA ACRÍLICA, 4 DEMÃOS, REFORÇADA COM VÉU DE POLIÉSTER (MAV). AF_09/2023 | D91: M2 | E91: 463.34 | H91: =F91+G91 | I91: 26.05 | J91: =F91+(I91/100*F91) | K91: =G91+(I91/100*G91) | L91: =TRUNC(J91+K91,2) | M91: =TRUNC(IF((J91+K91), (J91/(J91+K91)*O91), 0),2) | N91: =TRUNC(IF((J91+K91), (K91/(J91+K91)*O91), 0),2) | O91: =TRUNC(L91*E91,2) | P91: =IF(O91<=(Referencial!O91*1.05),"PREÇO VÁLIDO","PREÇO INVÁLIDO") | Q91: =(O91/Referencial!O91)-1
N92: Total do Grupo: | O92: =TRUNC(SUM(O83:O91),2)
A94: 9110 - Esquadrias
A95: Tabela de Origem | B95: Cód Auxiliar | C95: Descrição do Serviço | D95: Unid. | E95: Quantidade | F95: Material / Outros (R$) | G95: Mão de Obra (R$) | H95: Custo Unit. (R$) | I95: BDI (%) | J95: Preço Unit Material (R$) | K95: Preço Unit MO (R$) | L95: Preço Unit. (R$) | M95: Preço MATERIAL (R$) | N95: Preço MO (R$) | O95: Preço Total (R$) | P95: Verificação $+5% | Q95: Proposta x Referência
A96: TABELA SINAPI DESONERADA FEVEREIRO 2026 | C96: Esquadrias | E96: 0
A97: TABELA SINAPI DESONERADA FEVEREIRO 2026 | C97: Doação de Sangue - Esquadrias | E97: 0
A98: TABELA SINAPI DESONERADA FEVEREIRO 2026 | B98: 90796 | C98: KIT DE PORTA-PRONTA DE MADEIRA EM ACABAMENTO MELAMÍNICO BRANCO, FOLHA LEVE OU MÉDIA, E BATENTE METÁLICO, 80X210CM, FIXAÇÃO COM ARGAMASSA - FORNECIMENTO E INSTALAÇÃO. AF_10/2025 | D98: UN | E98: 3 | H98: =F98+G98 | I98: 26.05 | J98: =F98+(I98/100*F98) | K98: =G98+(I98/100*G98) | L98: =TRUNC(J98+K98,2) | M98: =TRUNC(IF((J98+K98), (J98/(J98+K98)*O98), 0),2) | N98: =TRUNC(IF((J98+K98), (K98/(J98+K98)*O98), 0),2) | O98: =TRUNC(L98*E98,2) | P98: =IF(O98<=(Referencial!O98*1.05),"PREÇO VÁLIDO","PREÇO INVÁLIDO") | Q98: =(O98/Referencial!O98)-1
A99: TABELA SINAPI DESONERADA FEVEREIRO 2026 | B99: 90797 | C99: KIT DE PORTA-PRONTA DE MADEIRA EM ACABAMENTO MELAMÍNICO BRANCO, FOLHA LEVE OU MÉDIA, E BATENTE METÁLICO, 90X210CM, FIXAÇÃO COM ARGAMASSA - FORNECIMENTO E INSTALAÇÃO. AF_10/2025 | D99: UN | E99: 9 | H99: =F99+G99 | I99: 26.05 | J99: =F99+(I99/100*F99) | K99: =G99+(I99/100*G99) | L99: =TRUNC(J99+K99,2) | M99: =TRUNC(IF((J99+K99), (J99/(J99+K99)*O99), 0),2) | N99: =TRUNC(IF((J99+K99), (K99/(J99+K99)*O99), 0),2) | O99: =TRUNC(L99*E99,2) | P99: =IF(O99<=(Referencial!O99*1.05),"PREÇO VÁLIDO","PREÇO INVÁLIDO") | Q99: =(O99/Referencial!O99)-1
A100: TABELA SINAPI DESONERADA FEVEREIRO 2026 | B100: CPU168951 | C100: 072 - KIT DE PORTA-PRONTA DE MADEIRA EM ACABAMENTO MELAMÍNICO BRANCO, FOLHA LEVE OU MÉDIA, E BATENTE METÁLICO, 90X210CM COM GRELHA DE VENTILAÇÃO E BARRA DE APOIO | D100: UN | E100: 1 | H100: =F100+G100 | I100: 26.05 | J100: =F100+(I100/100*F100) | K100: =G100+(I100/100*G100) | L100: =TRUNC(J100+K100,2) | M100: =TRUNC(IF((J100+K100), (J100/(J100+K100)*O100), 0),2) | N100: =TRUNC(IF((J100+K100), (K100/(J100+K100)*O100), 0),2) | O100: =TRUNC(L100*E100,2) | P100: =IF(O100<=(Referencial!O100*1.05),"PREÇO VÁLIDO","PREÇO INVÁLIDO") | Q100: =(O100/Referencial!O100)-1
A101: TABELA SINAPI DESONERADA FEVEREIRO 2026 | B101: CPU168953 | C101: 073 - KIT DE PORTA-PRONTA DE MADEIRA EM ACABAMENTO MELAMÍNICO BRANCO, FOLHA LEVE OU MÉDIA, E BATENTE METÁLICO, 102X210CM, FIXAÇÃO COM ARGAMASSA | D101: UN | E101: 2 | H101: =F101+G101 | I101: 26.05 | J101: =F101+(I101/100*F101) | K101: =G101+(I101/100*G101) | L101: =TRUNC(J101+K101,2) | M101: =TRUNC(IF((J101+K101), (J101/(J101+K101)*O101), 0),2) | N101: =TRUNC(IF((J101+K101), (K101/(J101+K101)*O101), 0),2) | O101: =TRUNC(L101*E101,2) | P101: =IF(O101<=(Referencial!O101*1.05),"PREÇO VÁLIDO","PREÇO INVÁLIDO") | Q101: =(O101/Referencial!O101)-1
A102: TABELA SINAPI DESONERADA FEVEREIRO 2026 | B102: CPU168954 | C102: 003 - KIT DE PORTA-PRONTA DE MADEIRA EM ACABAMENTO MELAMÍNICO BRANCO, FOLHA LEVE OU MÉDIA, E BATENTE METÁLICO, 110X210CM, FIXAÇÃO COM ARGAMASSA - FORNECIMENTO E INSTALAÇÃO | D102: UN | E102: 1 | H102: =F102+G102 | I102: 26.05 | J102: =F102+(I102/100*F102) | K102: =G102+(I102/100*G102) | L102: =TRUNC(J102+K102,2) | M102: =TRUNC(IF((J102+K102), (J102/(J102+K102)*O102), 0),2) | N102: =TRUNC(IF((J102+K102), (K102/(J102+K102)*O102), 0),2) | O102: =TRUNC(L102*E102,2) | P102: =IF(O102<=(Referencial!O102*1.05),"PREÇO VÁLIDO","PREÇO INVÁLIDO") | Q102: =(O102/Referencial!O102)-1
A103: TABELA SINAPI DESONERADA FEVEREIRO 2026 | B103: CPU168958 | C103: 004 - KIT DE PORTA-PRONTA DE MADEIRA EM ACABAMENTO MELAMÍNICO BRANCO, FOLHA LEVE OU MÉDIA, E BATENTE METÁLICO, 125X210CM, FIXAÇÃO COM ARGAMASSA - FORNECIMENTO E INSTALAÇÃO | D103: UN | E103: 1 | H103: =F103+G103 | I103: 26.05 | J103: =F103+(I103/100*F103) | K103: =G103+(I103/100*G103) | L103: =TRUNC(J103+K103,2) | M103: =TRUNC(IF((J103+K103), (J103/(J103+K103)*O103), 0),2) | N103: =TRUNC(IF((J103+K103), (K103/(J103+K103)*O103), 0),2) | O103: =TRUNC(L103*E103,2) | P103: =IF(O103<=(Referencial!O103*1.05),"PREÇO VÁLIDO","PREÇO INVÁLIDO") | Q103: =(O103/Referencial!O103)-1
A104: TABELA SINAPI DESONERADA FEVEREIRO 2026 | B104: 90830 | C104: FECHADURA DE EMBUTIR COM CILINDRO, EXTERNA, COMPLETA, ACABAMENTO PADRÃO MÉDIO, INCLUSO EXECUÇÃO DE FURO - FORNECIMENTO E INSTALAÇÃO. AF_10/2025 | D104: UN | E104: 17 | H104: =F104+G104 | I104: 26.05 | J104: =F104+(I104/100*F104) | K104: =G104+(I104/100*G104) | L104: =TRUNC(J104+K104,2) | M104: =TRUNC(IF((J104+K104), (J104/(J104+K104)*O104), 0),2) | N104: =TRUNC(IF((J104+K104), (K104/(J104+K104)*O104), 0),2) | O104: =TRUNC(L104*E104,2) | P104: =IF(O104<=(Referencial!O104*1.05),"PREÇO VÁLIDO","PREÇO INVÁLIDO") | Q104: =(O104/Referencial!O104)-1
A105: TABELA SINAPI DESONERADA FEVEREIRO 2026 | B105: CPU168962 | C105: 117 - JANELA ALUMINO FIXA COM VIDRO TEMPERADO COR FUME 6MM | D105: M2 | E105: 8.21 | H105: =F105+G105 | I105: 26.05 | J105: =F105+(I105/100*F105) | K105: =G105+(I105/100*G105) | L105: =TRUNC(J105+K105,2) | M105: =TRUNC(IF((J105+K105), (J105/(J105+K105)*O105), 0),2) | N105: =TRUNC(IF((J105+K105), (K105/(J105+K105)*O105), 0),2) | O105: =TRUNC(L105*E105,2) | P105: =IF(O105<=(Referencial!O105*1.05),"PREÇO VÁLIDO","PREÇO INVÁLIDO") | Q105: =(O105/Referencial!O105)-1
A106: TABELA SINAPI DESONERADA FEVEREIRO 2026 | B106: CPU168971 | C106: 122 - JANELA ALUMINO MAXIM-AR COM VIDRO TEMPERADO COR FUME 6MM | D106: M2 | E106: 9.35 | H106: =F106+G106 | I106: 26.05 | J106: =F106+(I106/100*F106) | K106: =G106+(I106/100*G106) | L106: =TRUNC(J106+K106,2) | M106: =TRUNC(IF((J106+K106), (J106/(J106+K106)*O106), 0),2) | N106: =TRUNC(IF((J106+K106), (K106/(J106+K106)*O106), 0),2) | O106: =TRUNC(L106*E106,2) | P106: =IF(O106<=(Referencial!O106*1.05),"PREÇO VÁLIDO","PREÇO INVÁLIDO") | Q106: =(O106/Referencial!O106)-1
A107: TABELA SINAPI DESONERADA FEVEREIRO 2026 | B107: CPU168972 | C107: 123 - JANELA ALUMINO MAXIM-AR COM VIDRO TEMPERADO COR FUME 8MM + PELICULA DE PROTEÇÃO UV | D107: M2 | E107: 46.66 | H107: =F107+G107 | I107: 26.05 | J107: =F107+(I107/100*F107) | K107: =G107+(I107/100*G107) | L107: =TRUNC(J107+K107,2) | M107: =TRUNC(IF((J107+K107), (J107/(J107+K107)*O107), 0),2) | N107: =TRUNC(IF((J107+K107), (K107/(J107+K107)*O107), 0),2) | O107: =TRUNC(L107*E107,2) | P107: =IF(O107<=(Referencial!O107*1.05),"PREÇO VÁLIDO","PREÇO INVÁLIDO") | Q107: =(O107/Referencial!O107)-1
A108: TABELA SINAPI DESONERADA FEVEREIRO 2026 | B108: CPU168974 | C108: 124 - PORTA ALUMINIO ABRIR COM VIDRO LAMINADO 12MM, COM FERRAGENS | D108: M2 | E108: 11.97 | H108: =F108+G108 | I108: 26.05 | J108: =F108+(I108/100*F108) | K108: =G108+(I108/100*G108) | L108: =TRUNC(J108+K108,2) | M108: =TRUNC(IF((J108+K108), (J108/(J108+K108)*O108), 0),2) | N108: =TRUNC(IF((J108+K108), (K108/(J108+K108)*O108), 0),2) | O108: =TRUNC(L108*E108,2) | P108: =IF(O108<=(Referencial!O108*1.05),"PREÇO VÁLIDO","PREÇO INVÁLIDO") | Q108: =(O108/Referencial!O108)-1
A109: TABELA SINAPI DESONERADA FEVEREIRO 2026 | B109: CPU168975 | C109: 125 - PORTA ALUMINIO CORRER COM VIDRO LAMINADO 12MM, COM FERRAGENS | D109: M2 | E109: 7.31 | H109: =F109+G109 | I109: 26.05 | J109: =F109+(I109/100*F109) | K109: =G109+(I109/100*G109) | L109: =TRUNC(J109+K109,2) | M109: =TRUNC(IF((J109+K109), (J109/(J109+K109)*O109), 0),2) | N109: =TRUNC(IF((J109+K109), (K109/(J109+K109)*O109), 0),2) | O109: =TRUNC(L109*E109,2) | P109: =IF(O109<=(Referencial!O109*1.05),"PREÇO VÁLIDO","PREÇO INVÁLIDO") | Q109: =(O109/Referencial!O109)-1
... A111: TABELA SINAPI DESONERADA FEVEREIRO 2026 | B111: CPU168977 | C111: 015 - SOLEIRA E PEITORIL EM PORCELANATO | D111: M | E111: 75.35 | H111: =F111+G111 | I111: 26.05 | J111: =F111+(I111/100*F111) | K111: =G111+(I111/100*G111) | L111: =TRUNC(J111+K111,2) | M111: =TRUNC(IF((J111+K111), (J111/(J111+K111)*O111), 0),2) | N111: =TRUNC(IF((J111+K111), (K111/(J111+K111)*O111), 0),2) | O111: =TRUNC(L111*E111,2) | P111: =IF(O111<=(Referencial!O111*1.05),"PREÇO VÁLIDO","PREÇO INVÁLIDO") | Q111: =(O111/Referencial!O111)-1
N112: Total do Grupo: | O112: =TRUNC(SUM(O94:O111),2)
A114: 9113 - Revestimentos de Parede
A115: Tabela de Origem | B115: Cód Auxiliar | C115: Descrição do Serviço | D115: Unid. | E115: Quantidade | F115: Material / Outros (R$) | G115: Mão de Obra (R$) | H115: Custo Unit. (R$) | I115: BDI (%) | J115: Preço Unit Material (R$) | K115: Preço Unit MO (R$) | L115: Preço Unit. (R$) | M115: Preço MATERIAL (R$) | N115: Preço MO (R$) | O115: Preço Total (R$) | P115: Verificação $+5% | Q115: Proposta x Referência
A116: TABELA SINAPI DESONERADA FEVEREIRO 2026 | C116: Revestimentos de Parede | E116: 0
...

Sheet Referencial
B2: ESTADO DE SANTA CATARINA
A4: PROPOSTA DAS LICITANTES
A6: Obra: | B6: Reforma da área de Doação de Sangue e Abrigo de Resíduos para HEMOSC - Florianópolis | H6: Data: ___ / ___ / ____
A7: Edital:
A8: Razão Social:
A9: CNPJ: | H9: Porcentagem de materiais (%) | I9: Porcentagem de mão de obra (%)
A10: BDI Administração Local (%): | D10: BDI Diferenciado Referencial (%) : | H10: =SUM(M:M)/O630 | I10: =SUM(N:N)/O630
A11: BDI Diferenciado Referencial (%) : | B11: 0.2605 | D11: BDI Diferenciado Referencial – Serviços Especializados (%) :
A13: Tabela de Origem | B13: 272 - TABELA SINAPI DESONERADA FEVEREIRO 2026
A17: 39 - Consultoria
A18: Tabela de Origem | B18: Cód Auxiliar | C18: Descrição do Serviço | D18: Unid. | E18: Quantidade | F18: Material / Outros (R$) | G18: Mão de Obra (R$) | H18: Custo Unit. (R$) | I18: BDI (%) | J18: Preço Unit Material (R$) | K18: Preço Unit MO (R$) | L18: Preço Unit. (R$) | M18: Preço MATERIAL (R$) | N18: Preço MO (R$) | O18: Preço Total (R$) | P18: Verificação $+5% | Q18: Proposta x Referência
A19: TABELA SINAPI DESONERADA FEVEREIRO 2026 | C19: Consultoria | E19: 0
A20: TABELA SINAPI DESONERADA FEVEREIRO 2026 | B20: CPU168929 | C20: 121 - ADMINISTRAÇÃO LOCAL | D20: UN | E20: 1 | F20: 89246.2 | G20: 13437.93 | H20: =F20+G20 | I20: 26.05 | J20: =F20+(I20/100*F20) | K20: =G20+(I20/100*G20) | L20: =TRUNC(J20+K20,2) | M20: =TRUNC(IF((J20+K20), (J20/(J20+K20)*O20), 0),2) | N20: =TRUNC(IF((J20+K20), (K20/(J20+K20)*O20), 0),2) | O20: =TRUNC(L20*E20,2) | P20: =IF(O20<=(Referencial!O20*1.05),"PREÇO VÁLIDO","PREÇO INVÁLIDO")
N21: Total do Grupo: | O21: =TRUNC(SUM(O17:O20),2)
A23: 9062 - Barraco Da Obra
A24: Tabela de Origem | B24: Cód Auxiliar | C24: Descrição do Serviço | D24: Unid. | E24: Quantidade | F24: Material / Outros (R$) | G24: Mão de Obra (R$) | H24: Custo Unit. (R$) | I24: BDI (%) | J24: Preço Unit Material (R$) | K24: Preço Unit MO (R$) | L24: Preço Unit. (R$) | M24: Preço MATERIAL (R$) | N24: Preço MO (R$) | O24: Preço Total (R$) | P24: Verificação $+5% | Q24: Proposta x Referência
A25: TABELA SINAPI DESONERADA FEVEREIRO 2026 | C25: Barraco Da Obra | E25: 0
A26: TABELA SINAPI DESONERADA FEVEREIRO 2026 | B26: 103689 | C26: FORNECIMENTO E INSTALAÇÃO DE PLACA DE OBRA COM CHAPA GALVANIZADA E ESTRUTURA DE MADEIRA. AF_03/2022_PS | D26: M2 | E26: 6.48 | F26: 418.34 | G26: 49.08 | H26: =F26+G26 | I26: 26.05 | J26: =F26+(I26/100*F26) | K26: =G26+(I26/100*G26) | L26: =TRUNC(J26+K26,2) | M26: =TRUNC(IF((J26+K26), (J26/(J26+K26)*O26), 0),2) | N26: =TRUNC(IF((J26+K26), (K26/(J26+K26)*O26), 0),2) | O26: =TRUNC(L26*E26,2) | P26: =IF(O26<=(Referencial!O26*1.05),"PREÇO VÁLIDO","PREÇO INVÁLIDO")
A27: TABELA SINAPI DESONERADA FEVEREIRO 2026 | B27: CPU168933 | C27: 090 - CONTAINER DEPÓSITO/ALMOXARIFADO | D27: MES | E27: 7 | F27: 1250 | G27: 0 | H27: =F27+G27 | I27: 26.05 | J27: =F27+(I27/100*F27) | K27: =G27+(I27/100*G27) | L27: =TRUNC(J27+K27,2) | M27: =TRUNC(IF((J27+K27), (J27/(J27+K27)*O27), 0),2) | N27: =TRUNC(IF((J27+K27), (K27/(J27+K27)*O27), 0),2) | O27: =TRUNC(L27*E27,2) | P27: =IF(O27<=(Referencial!O27*1.05),"PREÇO VÁLIDO","PREÇO INVÁLIDO")
A28: TABELA SINAPI DESONERADA FEVEREIRO 2026 | B28: CPU168936 | C28: 091 - CONTAINER SANITÁRIO/VESTIÁRIO | D28: MES | E28: 7 | F28: 1750 | G28: 0 | H28: =F28+G28 | I28: 26.05 | J28: =F28+(I28/100*F28) | K28: =G28+(I28/100*G28) | L28: =TRUNC(J28+K28,2) | M28: =TRUNC(IF((J28+K28), (J28/(J28+K28)*O28), 0),2) | N28: =TRUNC(IF((J28+K28), (K28/(J28+K28)*O28), 0),2) | O28: =TRUNC(L28*E28,2) | P28: =IF(O28<=(Referencial!O28*1.05),"PREÇO VÁLIDO","PREÇO INVÁLIDO")
N29: Total do Grupo: | O29: =TRUNC(SUM(O23:O28),2)
A31: 9051 - Serviços Iniciais
A32: Tabela de Origem | B32: Cód Auxiliar | C32: Descrição do Serviço | D32: Unid. | E32: Quantidade | F32: Material / Outros (R$) | G32: Mão de Obra (R$) | H32: Custo Unit. (R$) | I32: BDI (%) | J32: Preço Unit Material (R$) | K32: Preço Unit MO (R$) | L32: Preço Unit. (R$) | M32: Preço MATERIAL (R$) | N32: Preço MO (R$) | O32: Preço Total (R$) | P32: Verificação $+5% | Q32: Proposta x Referência
A33: TABELA SINAPI DESONERADA FEVEREIRO 2026 | C33: Serviços Iniciais | E33: 0
A34: TABELA SINAPI DESONERADA FEVEREIRO 2026 | C34: Doação de Sangue - Serviços preliminares | E34: 0
A35: TABELA SINAPI DESONERADA FEVEREIRO 2026 | B35: CPU168938 | C35: 007 - LIGAÇÃO PROVISÓRIA DE ENERGIA, ÁGUA E ESGOTO | D35: CJ | E35: 1 | F35: 1986.19 | G35: 0 | H35: =F35+G35 | I35: 26.05 | J35: =F35+(I35/100*F35) | K35: =G35+(I35/100*G35) | L35: =TRUNC(J35+K35,2) | M35: =TRUNC(IF((J35+K35), (J35/(J35+K35)*O35), 0),2) | N35: =TRUNC(IF((J35+K35), (K35/(J35+K35)*O35), 0),2) | O35: =TRUNC(L35*E35,2) | P35: =IF(O35<=(Referencial!O35*1.05),"PREÇO VÁLIDO","PREÇO INVÁLIDO")
A36: TABELA SINAPI DESONERADA FEVEREIRO 2026 | B36: 98459 | C36: TAPUME COM TELHA METÁLICA. AF_03/2024 | D36: M2 | E36: 86 | F36: 50.36 | G36: 41.08 | H36: =F36+G36 | I36: 26.05 | J36: =F36+(I36/100*F36) | K36: =G36+(I36/100*G36) | L36: =TRUNC(J36+K36,2) | M36: =TRUNC(IF((J36+K36), (J36/(J36+K36)*O36), 0),2) | N36: =TRUNC(IF((J36+K36), (K36/(J36+K36)*O36), 0),2) | O36: =TRUNC(L36*E36,2) | P36: =IF(O36<=(Referencial!O36*1.05),"PREÇO VÁLIDO","PREÇO INVÁLIDO")
A37: TABELA SINAPI DESONERADA FEVEREIRO 2026 | C37: Doação de Sangue - Demolições e retiradas | E37: 0
A38: TABELA SINAPI DESONERADA FEVEREIRO 2026 | B38: 97622 | C38: DEMOLIÇÃO DE ALVENARIA DE BLOCO FURADO, DE FORMA MANUAL, SEM REAPROVEITAMENTO. AF_09/2023 | D38: M3 | E38: 47.63 | F38: 0 | G38: 67.08 | H38: =F38+G38 | I38: 26.05 | J38: =F38+(I38/100*F38) | K38: =G38+(I38/100*G38) | L38: =TRUNC(J38+K38,2) | M38: =TRUNC(IF((J38+K38), (J38/(J38+K38)*O38), 0),2) | N38: =TRUNC(IF((J38+K38), (K38/(J38+K38)*O38), 0),2) | O38: =TRUNC(L38*E38,2) | P38: =IF(O38<=(Referencial!O38*1.05),"PREÇO VÁLIDO","PREÇO INVÁLIDO")
A39: TABELA SINAPI DESONERADA FEVEREIRO 2026 | B39: 97641 | C39: REMOÇÃO DE FORRO DE GESSO, DE FORMA MANUAL, SEM REAPROVEITAMENTO. AF_09/2023 | D39: M2 | E39: 48.1 | F39: 0 | G39: 3.5 | H39: =F39+G39 | I39: 26.05 | J39: =F39+(I39/100*F39) | K39: =G39+(I39/100*G39) | L39: =TRUNC(J39+K39,2) | M39: =TRUNC(IF((J39+K39), (J39/(J39+K39)*O39), 0),2) | N39: =TRUNC(IF((J39+K39), (K39/(J39+K39)*O39), 0),2) | O39: =TRUNC(L39*E39,2) | P39: =IF(O39<=(Referencial!O39*1.05),"PREÇO VÁLIDO","PREÇO INVÁLIDO")
A40: TABELA SINAPI DESONERADA FEVEREIRO 2026 | B40: 97629 | C40: DEMOLIÇÃO DE LAJES, EM CONCRETO ARMADO, DE FORMA MECANIZADA COM MARTELETE, SEM REAPROVEITAMENTO. AF_09/2023 | D40: M3 | E40: 12.75 | F40: 5.51 | G40: 96.07 | H40: =F40+G40 | I40: 26.05 | J40: =F40+(I40/100*F40) | K40: =G40+(I40/100*G40) | L40: =TRUNC(J40+K40,2) | M40: =TRUNC(IF((J40+K40), (J40/(J40+K40)*O40), 0),2) | N40: =TRUNC(IF((J40+K40), (K40/(J40+K40)*O40), 0),2) | O40: =TRUNC(L40*E40,2) | P40: =IF(O40<=(Referencial!O40*1.05),"PREÇO VÁLIDO","PREÇO INVÁLIDO")
A41: TABELA SINAPI DESONERADA FEVEREIRO 2026 | B41: 97634 | C41: DEMOLIÇÃO DE REVESTIMENTO CERÂMICO, DE FORMA MECANIZADA COM MARTELETE, SEM REAPROVEITAMENTO. AF_09/2023 | D41: M2 | E41: 230.79 | F41: 0.29 | G41: 7.84 | H41: =F41+G41 | I41: 26.05 | J41: =F41+(I41/100*F41) | K41: =G41+(I41/100*G41) | L41: =TRUNC(J41+K41,2) | M41: =TRUNC(IF((J41+K41), (J41/(J41+K41)*O41), 0),2) | N41: =TRUNC(IF((J41+K41), (K41/(J41+K41)*O41), 0),2) | O41: =TRUNC(L41*E41,2) | P41: =IF(O41<=(Referencial!O41*1.05),"PREÇO VÁLIDO","PREÇO INVÁLIDO")
A42: TABELA SINAPI DESONERADA FEVEREIRO 2026 | B42: CPU168940 | C42: 005 - RETIRADA DE PISO VINÍLICO | D42: M2 | E42: 97.95 | F42: 18.4 | G42: 0 | H42: =F42+G42 | I42: 26.05 | J42: =F42+(I42/100*F42) | K42: =G42+(I42/100*G42) | L42: =TRUNC(J42+K42,2) | M42: =TRUNC(IF((J42+K42), (J42/(J42+K42)*O42), 0),2) | N42: =TRUNC(IF((J42+K42), (K42/(J42+K42)*O42), 0),2) | O42: =TRUNC(L42*E42,2) | P42: =IF(O42<=(Referencial!O42*1.05),"PREÇO VÁLIDO","PREÇO INVÁLIDO")
A43: TABELA SINAPI DESONERADA FEVEREIRO 2026 | B43: CPU168941 | C43: 006 - RETIRADA DE PISO EM GRANITO | D43: M2 | E43: 60.32 | F43: 40.39 | G43: 0 | H43: =F43+G43 | I43: 26.05 | J43: =F43+(I43/100*F43) | K43: =G43+(I43/100*G43) | L43: =TRUNC(J43+K43,2) | M43: =TRUNC(IF((J43+K43), (J43/(J43+K43)*O43), 0),2) | N43: =TRUNC(IF((J43+K43), (K43/(J43+K43)*O43), 0),2) | O43: =TRUNC(L43*E43,2) | P43: =IF(O43<=(Referencial!O43*1.05),"PREÇO VÁLIDO","PREÇO INVÁLIDO")
A44: TABELA SINAPI DESONERADA FEVEREIRO 2026 | B44: CPU169634 | C44: 127 - DEMOLIÇÃO DE PAVIMENTO INTERTRAVADO, DE FORMA MANUAL, SEM REAPROVEITAMENTO | D44: M2 | E44: 216.87 | F44: 21.37 | G44: 0 | H44: =F44+G44 | I44: 26.05 | J44: =F44+(I44/100*F44) | K44: =G44+(I44/100*G44) | L44: =TRUNC(J44+K44,2) | M44: =TRUNC(IF((J44+K44), (J44/(J44+K44)*O44), 0),2) | N44: =TRUNC(IF((J44+K44), (K44/(J44+K44)*O44), 0),2) | O44: =TRUNC(L44*E44,2) | P44: =IF(O44<=(Referencial!O44*1.05),"PREÇO VÁLIDO","PREÇO INVÁLIDO")
A45: TABELA SINAPI DESONERADA FEVEREIRO 2026 | B45: 97644 | C45: REMOÇÃO DE PORTAS, DE FORMA MANUAL, SEM REAPROVEITAMENTO. AF_09/2023 | D45: M2 | E45: 41.16 | F45: 0 | G45: 11.39 | H45: =F45+G45 | I45: 26.05 | J45: =F45+(I45/100*F45) | K45: =G45+(I45/100*G45) | L45: =TRUNC(J45+K45,2) | M45: =TRUNC(IF((J45+K45), (J45/(J45+K45)*O45), 0),2) | N45: =TRUNC(IF((J45+K45), (K45/(J45+K45)*O45), 0),2) | O45: =TRUNC(L45*E45,2) | P45: =IF(O45<=(Referencial!O45*1.05),"PREÇO VÁLIDO","PREÇO INVÁLIDO")
A46: TABELA SINAPI DESONERADA FEVEREIRO 2026 | B46: 97645 | C46: REMOÇÃO DE JANELAS, DE FORMA MANUAL, SEM REAPROVEITAMENTO. AF_09/2023 | D46: M2 | E46: 7.08 | F46: 0 | G46: 29.41 | H46: =F46+G46 | I46: 26.05 | J46: =F46+(I46/100*F46) | K46: =G46+(I46/100*G46) | L46: =TRUNC(J46+K46,2) | M46: =TRUNC(IF((J46+K46), (J46/(J46+K46)*O46), 0),2) | N46: =TRUNC(IF((J46+K46), (K46/(J46+K46)*O46), 0),2) | O46: =TRUNC(L46*E46,2) | P46: =IF(O46<=(Referencial!O46*1.05),"PREÇO VÁLIDO","PREÇO INVÁLIDO")
A47: TABELA SINAPI DESONERADA FEVEREIRO 2026 | B47: 97663 | C47: REMOÇÃO DE LOUÇAS, DE FORMA MANUAL, SEM REAPROVEITAMENTO. AF_09/2023 | D47: UN | E47: 4 | F47: 0 | G47: 15.14 | H47: =F47+G47 | I47: 26.05 | J47: =F47+(I47/100*F47) | K47: =G47+(I47/100*G47) | L47: =TRUNC(J47+K47,2) | M47: =TRUNC(IF((J47+K47), (J47/(J47+K47)*O47), 0),2) | N47: =TRUNC(IF((J47+K47), (K47/(J47+K47)*O47), 0),2) | O47: =TRUNC(L47*E47,2) | P47: =IF(O47<=(Referencial!O47*1.05),"PREÇO VÁLIDO","PREÇO INVÁLIDO")
A48: TABELA SINAPI DESONERADA FEVEREIRO 2026 | B48: 97664 | C48: REMOÇÃO DE ACESSÓRIOS, DE FORMA MANUAL, SEM REAPROVEITAMENTO. AF_09/2023 | D48: UN | E48: 4 | F48: 0 | G48: 1.88 | H48: =F48+G48 | I48: 26.05 | J48: =F48+(I48/100*F48) | K48: =G48+(I48/100*G48) | L48: =TRUNC(J48+K48,2) | M48: =TRUNC(IF((J48+K48), (J48/(J48+K48)*O48), 0),2) | N48: =TRUNC(IF((J48+K48), (K48/(J48+K48)*O48), 0),2) | O48: =TRUNC(L48*E48,2) | P48: =IF(O48<=(Referencial!O48*1.05),"PREÇO VÁLIDO","PREÇO INVÁLIDO")
A49: TABELA SINAPI DESONERADA FEVEREIRO 2026 | B49: 97666 | C49: REMOÇÃO DE METAIS SANITÁRIOS, DE FORMA MANUAL, SEM REAPROVEITAMENTO. AF_09/2023 | D49: UN | E49: 8 | F49: 0 | G49: 11.04 | H49: =F49+G49 | I49: 26.05 | J49: =F49+(I49/100*F49) | K49: =G49+(I49/100*G49) | L49: =TRUNC(J49+K49,2) | M49: =TRUNC(IF((J49+K49), (J49/(J49+K49)*O49), 0),2) | N49: =TRUNC(IF((J49+K49), (K49/(J49+K49)*O49), 0),2) | O49: =TRUNC(L49*E49,2) | P49: =IF(O49<=(Referencial!O49*1.05),"PREÇO VÁLIDO","PREÇO INVÁLIDO")
... A51: TABELA SINAPI DESONERADA FEVEREIRO 2026 | B51: 97914 | C51: TRANSPORTE COM CAMINHÃO BASCULANTE DE 6 M³, EM VIA URBANA PAVIMENTADA, DMT ATÉ 30 KM (UNIDADE: M3XKM). AF_02/2026 | D51: M3XKM | E51: 3528.73 | F51: 2.43 | G51: 0.77 | H51: =F51+G51 | I51: 26.05 | J51: =F51+(I51/100*F51) | K51: =G51+(I51/100*G51) | L51: =TRUNC(J51+K51,2) | M51: =TRUNC(IF((J51+K51), (J51/(J51+K51)*O51), 0),2) | N51: =TRUNC(IF((J51+K51), (K51/(J51+K51)*O51), 0),2) | O51: =TRUNC(L51*E51,2) | P51: =IF(O51<=(Referencial!O51*1.05),"PREÇO VÁLIDO","PREÇO INVÁLIDO")
A52: TABELA SINAPI DESONERADA FEVEREIRO 2026 | C52: Doação de Sangue - Movimento de terra | E52: 0
A53: TABELA SINAPI DESONERADA FEVEREIRO 2026 | B53: 96523 | C53: ESCAVAÇÃO MANUAL PARA BLOCO DE COROAMENTO OU SAPATA (INCLUINDO ESCAVAÇÃO PARA COLOCAÇÃO DE FÔRMAS). AF_01/2024 | D53: M3 | E53: 23.89 | F53: 0 | G53: 111.14 | H53: =F53+G53 | I53: 26.05 | J53: =F53+(I53/100*F53) | K53: =G53+(I53/100*G53) | L53: =TRUNC(J53+K53,2) | M53: =TRUNC(IF((J53+K53), (J53/(J53+K53)*O53), 0),2) | N53: =TRUNC(IF((J53+K53), (K53/(J53+K53)*O53), 0),2) | O53: =TRUNC(L53*E53,2) | P53: =IF(O53<=(Referencial!O53*1.05),"PREÇO VÁLIDO","PREÇO INVÁLIDO")
A54: TABELA SINAPI DESONERADA FEVEREIRO 2026 | B54: 93382 | C54: REATERRO MANUAL DE VALAS, COM COMPACTADOR DE SOLOS DE PERCUSSÃO. AF_08/2023 | D54: M3 | E54: 3.38 | F54: 3.32 | G54: 27.35 | H54: =F54+G54 | I54: 26.05 | J54: =F54+(I54/100*F54) | K54: =G54+(I54/100*G54) | L54: =TRUNC(J54+K54,2) | M54: =TRUNC(IF((J54+K54), (J54/(J54+K54)*O54), 0),2) | N54: =TRUNC(IF((J54+K54), (K54/(J54+K54)*O54), 0),2) | O54: =TRUNC(L54*E54,2) | P54: =IF(O54<=(Referencial!O54*1.05),"PREÇO VÁLIDO","PREÇO INVÁLIDO")
A55: TABELA SINAPI DESONERADA FEVEREIRO 2026 | B55: 100982 | C55: CARGA, MANOBRA E DESCARGA DE ENTULHO EM CAMINHÃO BASCULANTE 10 M³ - CARGA COM ESCAVADEIRA HIDRÁULICA (CAÇAMBA DE 0,80 M³ / 111 HP) E DESCARGA LIVRE (UNIDADE: M3). AF_02/2026 | D55: M3 | E55: 20.52 | F55: 7.61 | G55: 1.95 | H55: =F55+G55 | I55: 26.05 | J55: =F55+(I55/100*F55) | K55: =G55+(I55/100*G55) | L55: =TRUNC(J55+K55,2) | M55: =TRUNC(IF((J55+K55), (J55/(J55+K55)*O55), 0),2) | N55: =TRUNC(IF((J55+K55), (K55/(J55+K55)*O55), 0),2) | O55: =TRUNC(L55*E55,2) | P55: =IF(O55<=(Referencial!O55*1.05),"PREÇO VÁLIDO","PREÇO INVÁLIDO")
A56: TABELA SINAPI DESONERADA FEVEREIRO 2026 | B56: 97914 | C56: TRANSPORTE COM CAMINHÃO BASCULANTE DE 6 M³, EM VIA URBANA PAVIMENTADA, DMT ATÉ 30 KM (UNIDADE: M3XKM). AF_02/2026 | D56: M3XKM | E56: 615.49 | F56: 2.43 | G56: 0.77 | H56: =F56+G56 | I56: 26.05 | J56: =F56+(I56/100*F56) | K56: =G56+(I56/100*G56) | L56: =TRUNC(J56+K56,2) | M56: =TRUNC(IF((J56+K56), (J56/(J56+K56)*O56), 0),2) | N56: =TRUNC(IF((J56+K56), (K56/(J56+K56)*O56), 0),2) | O56: =TRUNC(L56*E56,2) | P56: =IF(O56<=(Referencial!O56*1.05),"PREÇO VÁLIDO","PREÇO INVÁLIDO")
N57: Total do Grupo: | O57: =TRUNC(SUM(O31:O56),2)
A59: 9052 - Infraestrutura
A60: Tabela de Origem | B60: Cód Auxiliar | C60: Descrição do Serviço | D60: Unid. | E60: Quantidade | F60: Material / Outros (R$) | G60: Mão de Obra (R$) | H60: Custo Unit. (R$) | I60: BDI (%) | J60: Preço Unit Material (R$) | K60: Preço Unit MO (R$) | L60: Preço Unit. (R$) | M60: Preço MATERIAL (R$) | N60: Preço MO (R$) | O60: Preço Total (R$) | P60: Verificação $+5% | Q60: Proposta x Referência
A61: TABELA SINAPI DESONERADA FEVEREIRO 2026 | C61: Infraestrutura | E61: 0
A62: TABELA SINAPI DESONERADA FEVEREIRO 2026 | C62: Doação de Sangue - Estrutura | E62: 0
A63: TABELA SINAPI DESONERADA FEVEREIRO 2026 | B63: 99059 | C63: LOCAÇÃO CONVENCIONAL DE OBRA, UTILIZANDO GABARITO DE TÁBUAS CORRIDAS PONTALETADAS A CADA 2,00M - 2 UTILIZAÇÕES. AF_03/2024 | D63: M | E63: 104.36 | F63: 47.3 | G63: 46.63 | H63: =F63+G63 | I63: 26.05 | J63: =F63+(I63/100*F63) | K63: =G63+(I63/100*G63) | L63: =TRUNC(J63+K63,2) | M63: =TRUNC(IF((J63+K63), (J63/(J63+K63)*O63), 0),2) | N63: =TRUNC(IF((J63+K63), (K63/(J63+K63)*O63), 0),2) | O63: =TRUNC(L63*E63,2) | P63: =IF(O63<=(Referencial!O63*1.05),"PREÇO VÁLIDO","PREÇO INVÁLIDO")
A64: TABELA SINAPI DESONERADA FEVEREIRO 2026 | B64: 92266 | C64: FABRICAÇÃO DE FÔRMA PARA VIGAS, EM CHAPA DE MADEIRA COMPENSADA PLASTIFICADA, E = 18 MM. AF_09/2020 | D64: M2 | E64: 24.94 | F64: 130.78 | G64: 48.22 | H64: =F64+G64 | I64: 26.05 | J64: =F64+(I64/100*F64) | K64: =G64+(I64/100*G64) | L64: =TRUNC(J64+K64,2) | M64: =TRUNC(IF((J64+K64), (J64/(J64+K64)*O64), 0),2) | N64: =TRUNC(IF((J64+K64), (K64/(J64+K64)*O64), 0),2) | O64: =TRUNC(L64*E64,2) | P64: =IF(O64<=(Referencial!O64*1.05),"PREÇO VÁLIDO","PREÇO INVÁLIDO")
A65: TABELA SINAPI DESONERADA FEVEREIRO 2026 | B65: 100322 | C65: LASTRO COM MATERIAL GRANULAR (PEDRA BRITADA N.3), APLICADO EM PISOS OU LAJES SOBRE SOLO, ESPESSURA DE *10 CM*. AF_01/2024 | D65: M3 | E65: 19.9 | F65: 126.16 | G65: 69.37 | H65: =F65+G65 | I65: 26.05 | J65: =F65+(I65/100*F65) | K65: =G65+(I65/100*G65) | L65: =TRUNC(J65+K65,2) | M65: =TRUNC(IF((J65+K65), (J65/(J65+K65)*O65), 0),2) | N65: =TRUNC(IF((J65+K65), (K65/(J65+K65)*O65), 0),2) | O65: =TRUNC(L65*E65,2) | P65: =IF(O65<=(Referencial!O65*1.05),"PREÇO VÁLIDO","PREÇO INVÁLIDO")
A66: TABELA SINAPI DESONERADA FEVEREIRO 2026 | B66: 97090 | C66: ARMAÇÃO PARA EXECUÇÃO DE RADIER, PISO DE CONCRETO OU LAJE SOBRE SOLO, COM USO DE TELA Q-138. AF_09/2021 | D66: KG | E66: 257.4 | F66: 12.85 | G66: 1.33 | H66: =F66+G66 | I66: 26.05 | J66: =F66+(I66/100*F66) | K66: =G66+(I66/100*G66) | L66: =TRUNC(J66+K66,2) | M66: =TRUNC(IF((J66+K66), (J66/(J66+K66)*O66), 0),2) | N66: =TRUNC(IF((J66+K66), (K66/(J66+K66)*O66), 0),2) | O66: =TRUNC(L66*E66,2) | P66: =IF(O66<=(Referencial!O66*1.05),"PREÇO VÁLIDO","PREÇO INVÁLIDO")
A67: TABELA SINAPI DESONERADA FEVEREIRO 2026 | B67: 92768 | C67: ARMAÇÃO DE LAJE DE ESTRUTURA CONVENCIONAL DE CONCRETO ARMADO UTILIZANDO AÇO CA-60 DE 5,0 MM - MONTAGEM. AF_06/2022 | D67: KG | E67: 26.07 | F67: 8.56 | G67: 5.36 | H67: =F67+G67 | I67: 26.05 | J67: =F67+(I67/100*F67) | K67: =G67+(I67/100*G67) | L67: =TRUNC(J67+K67,2) | M67: =TRUNC(IF((J67+K67), (J67/(J67+K67)*O67), 0),2) | N67: =TRUNC(IF((J67+K67), (K67/(J67+K67)*O67), 0),2) | O67: =TRUNC(L67*E67,2) | P67: =IF(O67<=(Referencial!O67*1.05),"PREÇO VÁLIDO","PREÇO INVÁLIDO")
A68: TABELA SINAPI DESONERADA FEVEREIRO 2026 | B68: 92771 | C68: ARMAÇÃO DE LAJE DE ESTRUTURA CONVENCIONAL DE CONCRETO ARMADO UTILIZANDO AÇO CA-50 DE 10,0 MM - MONTAGEM. AF_06/2022 | D68: KG | E68: 132.49 | F68: 8.91 | G68: 1.3 | H68: =F68+G68 | I68: 26.05 | J68: =F68+(I68/100*F68) | K68: =G68+(I68/100*G68) | L68: =TRUNC(J68+K68,2) | M68: =TRUNC(IF((J68+K68), (J68/(J68+K68)*O68), 0),2) | N68: =TRUNC(IF((J68+K68), (K68/(J68+K68)*O68), 0),2) | O68: =TRUNC(L68*E68,2) | P68: =IF(O68<=(Referencial!O68*1.05),"PREÇO VÁLIDO","PREÇO INVÁLIDO")
A69: TABELA SINAPI DESONERADA FEVEREIRO 2026 | B69: 94966 | C69: CONCRETO FCK = 30MPA, TRAÇO 1:2,1:2,5 (EM MASSA SECA DE CIMENTO/ AREIA MÉDIA/ BRITA 1) - PREPARO MECÂNICO COM BETONEIRA 400 L. AF_05/2021 | D69: M3 | E69: 18.35 | F69: 507.48 | G69: 108.24 | H69: =F69+G69 | I69: 26.05 | J69: =F69+(I69/100*F69) | K69: =G69+(I69/100*G69) | L69: =TRUNC(J69+K69,2) | M69: =TRUNC(IF((J69+K69), (J69/(J69+K69)*O69), 0),2) | N69: =TRUNC(IF((J69+K69), (K69/(J69+K69)*O69), 0),2) | O69: =TRUNC(L69*E69,2) | P69: =IF(O69<=(Referencial!O69*1.05),"PREÇO VÁLIDO","PREÇO INVÁLIDO")
N70: Total do Grupo: | O70: =TRUNC(SUM(O59:O69),2)
A72: 9054 - Paredes, Painéis E Esquadrias
A73: Tabela de Origem | B73: Cód Auxiliar | C73: Descrição do Serviço | D73: Unid. | E73: Quantidade | F73: Material / Outros (R$) | G73: Mão de Obra (R$) | H73: Custo Unit. (R$) | I73: BDI (%) | J73: Preço Unit Material (R$) | K73: Preço Unit MO (R$) | L73: Preço Unit. (R$) | M73: Preço MATERIAL (R$) | N73: Preço MO (R$) | O73: Preço Total (R$) | P73: Verificação $+5% | Q73: Proposta x Referência
A74: TABELA SINAPI DESONERADA FEVEREIRO 2026 | C74: Paredes, Painéis E Esquadrias | E74: 0
A75: TABELA SINAPI DESONERADA FEVEREIRO 2026 | C75: Doação de Sangue - Paredes e painéis | E75: 0
A76: TABELA SINAPI DESONERADA FEVEREIRO 2026 | B76: 103330 | C76: ALVENARIA DE VEDAÇÃO DE BLOCOS CERÂMICOS FURADOS NA HORIZONTAL DE 11,5X19X19 CM (ESPESSURA 11,5 CM) E ARGAMASSA DE ASSENTAMENTO COM PREPARO EM BETONEIRA. AF_12/2021 | D76: M2 | E76: 64.12 | F76: 41.83 | G76: 57.23 | H76: =F76+G76 | I76: 26.05 | J76: =F76+(I76/100*F76) | K76: =G76+(I76/100*G76) | L76: =TRUNC(J76+K76,2) | M76: =TRUNC(IF((J76+K76), (J76/(J76+K76)*O76), 0),2) | N76: =TRUNC(IF((J76+K76), (K76/(J76+K76)*O76), 0),2) | O76: =TRUNC(L76*E76,2) | P76: =IF(O76<=(Referencial!O76*1.05),"PREÇO VÁLIDO","PREÇO INVÁLIDO")
A77: TABELA SINAPI DESONERADA FEVEREIRO 2026 | B77: CPU168943 | C77: 002 - DRYWALL PLACA SIMPLES ST-ST COM REVESTIMENTO ACÚSTICO 12CM | D77: M2 | E77: 284.75 | F77: 244.15 | G77: 0 | H77: =F77+G77 | I77: 26.05 | J77: =F77+(I77/100*F77) | K77: =G77+(I77/100*G77) | L77: =TRUNC(J77+K77,2) | M77: =TRUNC(IF((J77+K77), (J77/(J77+K77)*O77), 0),2) | N77: =TRUNC(IF((J77+K77), (K77/(J77+K77)*O77), 0),2) | O77: =TRUNC(L77*E77,2) | P77: =IF(O77<=(Referencial!O77*1.05),"PREÇO VÁLIDO","PREÇO INVÁLIDO")
A78: TABELA SINAPI DESONERADA FEVEREIRO 2026 | B78: CPU168945 | C78: 065 - DRYWALL PLACA SIMPLES RU-RU COM REVESTIMENTO ACÚSTICO 12CM | D78: M2 | E78: 44.88 | F78: 263.27 | G78: 0 | H78: =F78+G78 | I78: 26.05 | J78: =F78+(I78/100*F78) | K78: =G78+(I78/100*G78) | L78: =TRUNC(J78+K78,2) | M78: =TRUNC(IF((J78+K78), (J78/(J78+K78)*O78), 0),2) | N78: =TRUNC(IF((J78+K78), (K78/(J78+K78)*O78), 0),2) | O78: =TRUNC(L78*E78,2) | P78: =IF(O78<=(Referencial!O78*1.05),"PREÇO VÁLIDO","PREÇO INVÁLIDO")
A79: TABELA SINAPI DESONERADA FEVEREIRO 2026 | B79: 96373 | C79: INSTALAÇÃO DE REFORÇO METÁLICO EM PAREDE DRYWALL. AF_07/2023 | D79: M | E79: 294.97 | F79: 9.82 | G79: 2.66 | H79: =F79+G79 | I79: 26.05 | J79: =F79+(I79/100*F79) | K79: =G79+(I79/100*G79) | L79: =TRUNC(J79+K79,2) | M79: =TRUNC(IF((J79+K79), (J79/(J79+K79)*O79), 0),2) | N79: =TRUNC(IF((J79+K79), (K79/(J79+K79)*O79), 0),2) | O79: =TRUNC(L79*E79,2) | P79: =IF(O79<=(Referencial!O79*1.05),"PREÇO VÁLIDO","PREÇO INVÁLIDO")
A80: TABELA SINAPI DESONERADA FEVEREIRO 2026 | B80: 93187 | C80: VERGA MOLDADA IN LOCO EM CONCRETO, ESPESSURA DE *20* CM. AF_03/2024 | D80: M | E80: 45.12 | F80: 64.35 | G80: 38.92 | H80: =F80+G80 | I80: 26.05 | J80: =F80+(I80/100*F80) | K80: =G80+(I80/100*G80) | L80: =TRUNC(J80+K80,2) | M80: =TRUNC(IF((J80+K80), (J80/(J80+K80)*O80), 0),2) | N80: =TRUNC(IF((J80+K80), (K80/(J80+K80)*O80), 0),2) | O80: =TRUNC(L80*E80,2) | P80: =IF(O80<=(Referencial!O80*1.05),"PREÇO VÁLIDO","PREÇO INVÁLIDO")
N81: Total do Grupo: | O81: =TRUNC(SUM(O72:O80),2)
A83: 9108 - Impermeabilizações
A84: Tabela de Origem | B84: Cód Auxiliar | C84: Descrição do Serviço | D84: Unid. | E84: Quantidade | F84: Material / Outros (R$) | G84: Mão de Obra (R$) | H84: Custo Unit. (R$) | I84: BDI (%) | J84: Preço Unit Material (R$) | K84: Preço Unit MO (R$) | L84: Preço Unit. (R$) | M84: Preço MATERIAL (R$) | N84: Preço MO (R$) | O84: Preço Total (R$) | P84: Verificação $+5% | Q84: Proposta x Referência
A85: TABELA SINAPI DESONERADA FEVEREIRO 2026 | C85: Impermeabilizações | E85: 0
A86: TABELA SINAPI DESONERADA FEVEREIRO 2026 | C86: Doação de Sangue - Impermeabilização - Baldrame, piso e cortina | E86: 0
A87: TABELA SINAPI DESONERADA FEVEREIRO 2026 | B87: 98555 | C87: IMPERMEABILIZAÇÃO DE SUPERFÍCIE COM ARGAMASSA POLIMÉRICA / MEMBRANA ACRÍLICA, 3 DEMÃOS. AF_09/2023 | D87: M2 | E87: 18.05 | F87: 8.61 | G87: 24.03 | H87: =F87+G87 | I87: 26.05 | J87: =F87+(I87/100*F87) | K87: =G87+(I87/100*G87) | L87: =TRUNC(J87+K87,2) | M87: =TRUNC(IF((J87+K87), (J87/(J87+K87)*O87), 0),2) | N87: =TRUNC(IF((J87+K87), (K87/(J87+K87)*O87), 0),2) | O87: =TRUNC(L87*E87,2) | P87: =IF(O87<=(Referencial!O87*1.05),"PREÇO VÁLIDO","PREÇO INVÁLIDO")
A88: TABELA SINAPI DESONERADA FEVEREIRO 2026 | B88: CPU168946 | C88: 094 - LIMPEZA E LIXAMENTO DAS CORTINAS DE CONCRETO | D88: M2 | E88: 96.3 | F88: 85.01 | G88: 0 | H88: =F88+G88 | I88: 26.05 | J88: =F88+(I88/100*F88) | K88: =G88+(I88/100*G88) | L88: =TRUNC(J88+K88,2) | M88: =TRUNC(IF((J88+K88), (J88/(J88+K88)*O88), 0),2) | N88: =TRUNC(IF((J88+K88), (K88/(J88+K88)*O88), 0),2) | O88: =TRUNC(L88*E88,2) | P88: =IF(O88<=(Referencial!O88*1.05),"PREÇO VÁLIDO","PREÇO INVÁLIDO")
A89: TABELA SINAPI DESONERADA FEVEREIRO 2026 | B89: 99814 | C89: LIMPEZA DE SUPERFÍCIE PISO OU PAREDE COM JATO DE ALTA PRESSÃO. AF_10/2025 | D89: M2 | E89: 96.3 | F89: 0.04 | G89: 1.71 | H89: =F89+G89 | I89: 26.05 | J89: =F89+(I89/100*F89) | K89: =G89+(I89/100*G89) | L89: =TRUNC(J89+K89,2) | M89: =TRUNC(IF((J89+K89), (J89/(J89+K89)*O89), 0),2) | N89: =TRUNC(IF((J89+K89), (K89/(J89+K89)*O89), 0),2) | O89: =TRUNC(L89*E89,2) | P89: =IF(O89<=(Referencial!O89*1.05),"PREÇO VÁLIDO","PREÇO INVÁLIDO")
A90: TABELA SINAPI DESONERADA FEVEREIRO 2026 | B90: CPU168948 | C90: 095 - PREPARO DAS PAREDES COM ARGAMASSA DE CIMENTO E AREIA + ADITIVO | D90: M2 | E90: 96.3 | F90: 27.77 | G90: 0 | H90: =F90+G90 | I90: 26.05 | J90: =F90+(I90/100*F90) | K90: =G90+(I90/100*G90) | L90: =TRUNC(J90+K90,2) | M90: =TRUNC(IF((J90+K90), (J90/(J90+K90)*O90), 0),2) | N90: =TRUNC(IF((J90+K90), (K90/(J90+K90)*O90), 0),2) | O90: =TRUNC(L90*E90,2) | P90: =IF(O90<=(Referencial!O90*1.05),"PREÇO VÁLIDO","PREÇO INVÁLIDO")
A91: TABELA SINAPI DESONERADA FEVEREIRO 2026 | B91: 98556 | C91: IMPERMEABILIZAÇÃO DE SUPERFÍCIE COM ARGAMASSA POLIMÉRICA / MEMBRANA ACRÍLICA, 4 DEMÃOS, REFORÇADA COM VÉU DE POLIÉSTER (MAV). AF_09/2023 | D91: M2 | E91: 463.34 | F91: 21.46 | G91: 39.32 | H91: =F91+G91 | I91: 26.05 | J91: =F91+(I91/100*F91) | K91: =G91+(I91/100*G91) | L91: =TRUNC(J91+K91,2) | M91: =TRUNC(IF((J91+K91), (J91/(J91+K91)*O91), 0),2) | N91: =TRUNC(IF((J91+K91), (K91/(J91+K91)*O91), 0),2) | O91: =TRUNC(L91*E91,2) | P91: =IF(O91<=(Referencial!O91*1.05),"PREÇO VÁLIDO","PREÇO INVÁLIDO")
N92: Total do Grupo: | O92: =TRUNC(SUM(O83:O91),2)
A94: 9110 - Esquadrias
A95: Tabela de Origem | B95: Cód Auxiliar | C95: Descrição do Serviço | D95: Unid. | E95: Quantidade | F95: Material / Outros (R$) | G95: Mão de Obra (R$) | H95: Custo Unit. (R$) | I95: BDI (%) | J95: Preço Unit Material (R$) | K95: Preço Unit MO (R$) | L95: Preço Unit. (R$) | M95: Preço MATERIAL (R$) | N95: Preço MO (R$) | O95: Preço Total (R$) | P95: Verificação $+5% | Q95: Proposta x Referência
A96: TABELA SINAPI DESONERADA FEVEREIRO 2026 | C96: Esquadrias | E96: 0
A97: TABELA SINAPI DESONERADA FEVEREIRO 2026 | C97: Doação de Sangue - Esquadrias | E97: 0
A98: TABELA SINAPI DESONERADA FEVEREIRO 2026 | B98: 90796 | C98: KIT DE PORTA-PRONTA DE MADEIRA EM ACABAMENTO MELAMÍNICO BRANCO, FOLHA LEVE OU MÉDIA, E BATENTE METÁLICO, 80X210CM, FIXAÇÃO COM ARGAMASSA - FORNECIMENTO E INSTALAÇÃO. AF_10/2025 | D98: UN | E98: 3 | F98: 628.94 | G98: 141.16 | H98: =F98+G98 | I98: 26.05 | J98: =F98+(I98/100*F98) | K98: =G98+(I98/100*G98) | L98: =TRUNC(J98+K98,2) | M98: =TRUNC(IF((J98+K98), (J98/(J98+K98)*O98), 0),2) | N98: =TRUNC(IF((J98+K98), (K98/(J98+K98)*O98), 0),2) | O98: =TRUNC(L98*E98,2) | P98: =IF(O98<=(Referencial!O98*1.05),"PREÇO VÁLIDO","PREÇO INVÁLIDO")
A99: TABELA SINAPI DESONERADA FEVEREIRO 2026 | B99: 90797 | C99: KIT DE PORTA-PRONTA DE MADEIRA EM ACABAMENTO MELAMÍNICO BRANCO, FOLHA LEVE OU MÉDIA, E BATENTE METÁLICO, 90X210CM, FIXAÇÃO COM ARGAMASSA - FORNECIMENTO E INSTALAÇÃO. AF_10/2025 | D99: UN | E99: 9 | F99: 629.11 | G99: 147.09 | H99: =F99+G99 | I99: 26.05 | J99: =F99+(I99/100*F99) | K99: =G99+(I99/100*G99) | L99: =TRUNC(J99+K99,2) | M99: =TRUNC(IF((J99+K99), (J99/(J99+K99)*O99), 0),2) | N99: =TRUNC(IF((J99+K99), (K99/(J99+K99)*O99), 0),2) | O99: =TRUNC(L99*E99,2) | P99: =IF(O99<=(Referencial!O99*1.05),"PREÇO VÁLIDO","PREÇO INVÁLIDO")
A100: TABELA SINAPI DESONERADA FEVEREIRO 2026 | B100: CPU168951 | C100: 072 - KIT DE PORTA-PRONTA DE MADEIRA EM ACABAMENTO MELAMÍNICO BRANCO, FOLHA LEVE OU MÉDIA, E BATENTE METÁLICO, 90X210CM COM GRELHA DE VENTILAÇÃO E BARRA DE APOIO | D100: UN | E100: 1 | F100: 975.78 | G100: 0 | H100: =F100+G100 | I100: 26.05 | J100: =F100+(I100/100*F100) | K100: =G100+(I100/100*G100) | L100: =TRUNC(J100+K100,2) | M100: =TRUNC(IF((J100+K100), (J100/(J100+K100)*O100), 0),2) | N100: =TRUNC(IF((J100+K100), (K100/(J100+K100)*O100), 0),2) | O100: =TRUNC(L100*E100,2) | P100: =IF(O100<=(Referencial!O100*1.05),"PREÇO VÁLIDO","PREÇO INVÁLIDO")
A101: TABELA SINAPI DESONERADA FEVEREIRO 2026 | B101: CPU168953 | C101: 073 - KIT DE PORTA-PRONTA DE MADEIRA EM ACABAMENTO MELAMÍNICO BRANCO, FOLHA LEVE OU MÉDIA, E BATENTE METÁLICO, 102X210CM, FIXAÇÃO COM ARGAMASSA | D101: UN | E101: 2 | F101: 702.01 | G101: 0 | H101: =F101+G101 | I101: 26.05 | J101: =F101+(I101/100*F101) | K101: =G101+(I101/100*G101) | L101: =TRUNC(J101+K101,2) | M101: =TRUNC(IF((J101+K101), (J101/(J101+K101)*O101), 0),2) | N101: =TRUNC(IF((J101+K101), (K101/(J101+K101)*O101), 0),2) | O101: =TRUNC(L101*E101,2) | P101: =IF(O101<=(Referencial!O101*1.05),"PREÇO VÁLIDO","PREÇO INVÁLIDO")
A102: TABELA SINAPI DESONERADA FEVEREIRO 2026 | B102: CPU168954 | C102: 003 - KIT DE PORTA-PRONTA DE MADEIRA EM ACABAMENTO MELAMÍNICO BRANCO, FOLHA LEVE OU MÉDIA, E BATENTE METÁLICO, 110X210CM, FIXAÇÃO COM ARGAMASSA - FORNECIMENTO E INSTALAÇÃO | D102: UN | E102: 1 | F102: 753.02 | G102: 0 | H102: =F102+G102 | I102: 26.05 | J102: =F102+(I102/100*F102) | K102: =G102+(I102/100*G102) | L102: =TRUNC(J102+K102,2) | M102: =TRUNC(IF((J102+K102), (J102/(J102+K102)*O102), 0),2) | N102: =TRUNC(IF((J102+K102), (K102/(J102+K102)*O102), 0),2) | O102: =TRUNC(L102*E102,2) | P102: =IF(O102<=(Referencial!O102*1.05),"PREÇO VÁLIDO","PREÇO INVÁLIDO")
A103: TABELA SINAPI DESONERADA FEVEREIRO 2026 | B103: CPU168958 | C103: 004 - KIT DE PORTA-PRONTA DE MADEIRA EM ACABAMENTO MELAMÍNICO BRANCO, FOLHA LEVE OU MÉDIA, E BATENTE METÁLICO, 125X210CM, FIXAÇÃO COM ARGAMASSA - FORNECIMENTO E INSTALAÇÃO | D103: UN | E103: 1 | F103: 804.02 | G103: 0 | H103: =F103+G103 | I103: 26.05 | J103: =F103+(I103/100*F103) | K103: =G103+(I103/100*G103) | L103: =TRUNC(J103+K103,2) | M103: =TRUNC(IF((J103+K103), (J103/(J103+K103)*O103), 0),2) | N103: =TRUNC(IF((J103+K103), (K103/(J103+K103)*O103), 0),2) | O103: =TRUNC(L103*E103,2) | P103: =IF(O103<=(Referencial!O103*1.05),"PREÇO VÁLIDO","PREÇO INVÁLIDO")
A104: TABELA SINAPI DESONERADA FEVEREIRO 2026 | B104: 90830 | C104: FECHADURA DE EMBUTIR COM CILINDRO, EXTERNA, COMPLETA, ACABAMENTO PADRÃO MÉDIO, INCLUSO EXECUÇÃO DE FURO - FORNECIMENTO E INSTALAÇÃO. AF_10/2025 | D104: UN | E104: 17 | F104: 154.78 | G104: 58.94 | H104: =F104+G104 | I104: 26.05 | J104: =F104+(I104/100*F104) | K104: =G104+(I104/100*G104) | L104: =TRUNC(J104+K104,2) | M104: =TRUNC(IF((J104+K104), (J104/(J104+K104)*O104), 0),2) | N104: =TRUNC(IF((J104+K104), (K104/(J104+K104)*O104), 0),2) | O104: =TRUNC(L104*E104,2) | P104: =IF(O104<=(Referencial!O104*1.05),"PREÇO VÁLIDO","PREÇO INVÁLIDO")
A105: TABELA SINAPI DESONERADA FEVEREIRO 2026 | B105: CPU168962 | C105: 117 - JANELA ALUMINO FIXA COM VIDRO TEMPERADO COR FUME 6MM | D105: M2 | E105: 8.21 | F105: 906.96 | G105: 0 | H105: =F105+G105 | I105: 26.05 | J105: =F105+(I105/100*F105) | K105: =G105+(I105/100*G105) | L105: =TRUNC(J105+K105,2) | M105: =TRUNC(IF((J105+K105), (J105/(J105+K105)*O105), 0),2) | N105: =TRUNC(IF((J105+K105), (K105/(J105+K105)*O105), 0),2) | O105: =TRUNC(L105*E105,2) | P105: =IF(O105<=(Referencial!O105*1.05),"PREÇO VÁLIDO","PREÇO INVÁLIDO")
A106: TABELA SINAPI DESONERADA FEVEREIRO 2026 | B106: CPU168971 | C106: 122 - JANELA ALUMINO MAXIM-AR COM VIDRO TEMPERADO COR FUME 6MM | D106: M2 | E106: 9.35 | F106: 1005.63 | G106: 0 | H106: =F106+G106 | I106: 26.05 | J106: =F106+(I106/100*F106) | K106: =G106+(I106/100*G106) | L106: =TRUNC(J106+K106,2) | M106: =TRUNC(IF((J106+K106), (J106/(J106+K106)*O106), 0),2) | N106: =TRUNC(IF((J106+K106), (K106/(J106+K106)*O106), 0),2) | O106: =TRUNC(L106*E106,2) | P106: =IF(O106<=(Referencial!O106*1.05),"PREÇO VÁLIDO","PREÇO INVÁLIDO")
A107: TABELA SINAPI DESONERADA FEVEREIRO 2026 | B107: CPU168972 | C107: 123 - JANELA ALUMINO MAXIM-AR COM VIDRO TEMPERADO COR FUME 8MM + PELICULA DE PROTEÇÃO UV | D107: M2 | E107: 46.66 | F107: 1166.11 | G107: 0 | H107: =F107+G107 | I107: 26.05 | J107: =F107+(I107/100*F107) | K107: =G107+(I107/100*G107) | L107: =TRUNC(J107+K107,2) | M107: =TRUNC(IF((J107+K107), (J107/(J107+K107)*O107), 0),2) | N107: =TRUNC(IF((J107+K107), (K107/(J107+K107)*O107), 0),2) | O107: =TRUNC(L107*E107,2) | P107: =IF(O107<=(Referencial!O107*1.05),"PREÇO VÁLIDO","PREÇO INVÁLIDO")
A108: TABELA SINAPI DESONERADA FEVEREIRO 2026 | B108: CPU168974 | C108: 124 - PORTA ALUMINIO ABRIR COM VIDRO LAMINADO 12MM, COM FERRAGENS | D108: M2 | E108: 11.97 | F108: 2193.47 | G108: 0 | H108: =F108+G108 | I108: 26.05 | J108: =F108+(I108/100*F108) | K108: =G108+(I108/100*G108) | L108: =TRUNC(J108+K108,2) | M108: =TRUNC(IF((J108+K108), (J108/(J108+K108)*O108), 0),2) | N108: =TRUNC(IF((J108+K108), (K108/(J108+K108)*O108), 0),2) | O108: =TRUNC(L108*E108,2) | P108: =IF(O108<=(Referencial!O108*1.05),"PREÇO VÁLIDO","PREÇO INVÁLIDO")
A109: TABELA SINAPI DESONERADA FEVEREIRO 2026 | B109: CPU168975 | C109: 125 - PORTA ALUMINIO CORRER COM VIDRO LAMINADO 12MM, COM FERRAGENS | D109: M2 | E109: 7.31 | F109: 2308.25 | G109: 0 | H109: =F109+G109 | I109: 26.05 | J109: =F109+(I109/100*F109) | K109: =G109+(I109/100*G109) | L109: =TRUNC(J109+K109,2) | M109: =TRUNC(IF((J109+K109), (J109/(J109+K109)*O109), 0),2) | N109: =TRUNC(IF((J109+K109), (K109/(J109+K109)*O109), 0),2) | O109: =TRUNC(L109*E109,2) | P109: =IF(O109<=(Referencial!O109*1.05),"PREÇO VÁLIDO","PREÇO INVÁLIDO")
... A111: TABELA SINAPI DESONERADA FEVEREIRO 2026 | B111: CPU168977 | C111: 015 - SOLEIRA E PEITORIL EM PORCELANATO | D111: M | E111: 75.35 | F111: 29.6 | G111: 0 | H111: =F111+G111 | I111: 26.05 | J111: =F111+(I111/100*F111) | K111: =G111+(I111/100*G111) | L111: =TRUNC(J111+K111,2) | M111: =TRUNC(IF((J111+K111), (J111/(J111+K111)*O111), 0),2) | N111: =TRUNC(IF((J111+K111), (K111/(J111+K111)*O111), 0),2) | O111: =TRUNC(L111*E111,2) | P111: =IF(O111<=(Referencial!O111*1.05),"PREÇO VÁLIDO","PREÇO INVÁLIDO")
N112: Total do Grupo: | O112: =TRUNC(SUM(O94:O111),2)
A114: 9113 - Revestimentos de Parede
A115: Tabela de Origem | B115: Cód Auxiliar | C115: Descrição do Serviço | D115: Unid. | E115: Quantidade | F115: Material / Outros (R$) | G115: Mão de Obra (R$) | H115: Custo Unit. (R$) | I115: BDI (%) | J115: Preço Unit Material (R$) | K115: Preço Unit MO (R$) | L115: Preço Unit. (R$) | M115: Preço MATERIAL (R$) | N115: Preço MO (R$) | O115: Preço Total (R$) | P115: Verificação $+5% | Q115: Proposta x Referência
A116: TABELA SINAPI DESONERADA FEVEREIRO 2026 | C116: Revestimentos de Parede | E116: 0
...
